 Dungeon Crawl Stone Soup version 0.25-a0-248-g18654cfe15 (webtiles) character file.

Game seed: 18412823932071102962, levelgen mode: deterministic

10851470 tony01 the Conqueror (level 27, 273/273 HPs)
             Began as a Minotaur Fighter on Dec 2, 2019.
             Was an Initiate of Gozag.
             Escaped with the Orb
             ... and 15 runes on Dec 4, 2019!
             The game lasted 10:02:38 (152910 turns).

tony01 the Conqueror (Minotaur Fighter)           Turns: 152910, Time: 10:02:39

Health: 273/273    AC: 43    Str: 36    XL:     27
Magic:  48/48      EV: 32    Int:  9    God:    Gozag
Gold:   2525       SH: 21    Dex: 16    Spells: 26/26 levels left

rFire    + + .     SeeInvis .   M - +9 morningstar (holy)
rCold    + + +     Gourm    .   r - +1 shield "Mynag" {MR+++ MP+9 Str+3 Int-2}
rNeg     + + .     Faith    .   X - +9 plate armour "Cyiwawn" {rC+ rCorr}
rPois    +         Spirit   .   c - +2 hat {MR+}
rElec    +         Reflect  .   H - +1 cloak of Starlight {rElec rC+ EV+4 Stlth--}
rCorr    +         Harm     .   F - +2 pair of gloves of Idihuapo {rPois rC++ Dex+4}
MR       +++++                  u - +1 pair of boots of True Grit {Str+3 Stlth+}
Stlth    +.........             w - macabre finger necklace {rN+}
HPRegen  0.55/turn              Y - +6 ring of strength
MPRegen  0.31/turn              U - ring "Yppyluoxae" {+Inv rF+ rN+}
                                L - ring "Luceycaj" {rF+ Stlth+}

@: no status effects
A: retaliatory headbutt, horns 2, mutation resistance 1, weak 1
0: Orb of Zot
}: 15/15 runes: decaying, slimy, silver, golden, iron, obsidian, icy, bone,
abyssal, demonic, glowing, magical, fiery, dark, gossamer
a: Potion Petition, Call Merchant, Bribe Branch, Renounce Religion, Evoke
Invisibility


You escaped.
You worshipped Gozag.
Gozag was most pleased with you.
You were not hungry.

You visited 18 branches of the dungeon, and saw 90 of its levels.
You visited Pandemonium 1 time, and saw 11 of its levels.
You visited the Abyss 2 times.
You visited 1 bazaar.
You also visited: Ice Cave, Volcano and Wizlab.

You collected 61552 gold pieces.
You spent 8911 gold pieces at shops.
You paid 50116 gold pieces to Gozag.

Inventory:

Hand Weapons
 b - the +5 demon whip "Spellbinder" {antimagic, MR+}
   (You acquired it on level 3 of the Vaults)

   It reduces the magical energy of the wielder, and disrupts the spells and
   magical abilities of those hit.
   Natural abilities and divine invocations are not affected.
   It affects your resistance to hostile enchantments.
 g - the +7 broad axe "Zeal" {drain, +Inv rElec rF- MR+++}
   (You found it on level 3 of the Tomb of the Ancients)

   A truly terrible weapon, it drains the life of those it strikes.
   It makes you vulnerable to fire.
   It insulates you from electricity.
   It affects your resistance to hostile enchantments.
   It lets you turn invisible.
 z - the +2 broad axe of the Madman {chop, *Slow rPois rF+ rN+ Str+4}
   (You found it in Pandemonium)

   It inflicts extra damage upon your enemies.
   It affects your strength (+4).
   It protects you from fire.
   It protects you from poison.
   It protects you from negative energy.
   It may slow you when you take damage.
 M - a +9 morningstar of holy wrath (weapon)
Armour
 c - a +2 hat of magic resistance (worn)
 r - the +1 shield "Mynag" (worn) {MR+++ MP+9 Str+3 Int-2}
   (You found it on level 1 of the Swamp)

   It affects your strength (+3).
   It affects your intelligence (-2).
   It affects your resistance to hostile enchantments.
   It affects your magic capacity (+9).
 u - the +1 pair of boots of True Grit (worn) {Str+3 Stlth+}
   (You found it in Pandemonium)

   It affects your strength (+3).
   It makes you more stealthy.
 C - a +2 large shield
 F - the +2 pair of gloves of Idihuapo (worn) {rPois rC++ Dex+4}
   (You found it in Pandemonium)

   It affects your dexterity (+4).
   It greatly protects you from cold.
   It protects you from poison.
 H - the +1 cloak of Starlight (worn) {rElec rC+ EV+4 Stlth--}
   (You found it in a wizard's laboratory)

   It affects your evasion (+4).
   It protects you from cold.
   It insulates you from electricity.
   It makes you much less stealthy.
 X - the +9 plate armour "Cyiwawn" (worn) {rC+ rCorr}
   (You bought it in a shop on level 2 of the Elven Halls)

   It protects you from cold.
   It provides partial protection from all sources of acid and corrosion.
 Z - the +4 dragonskin cloak
   (You took it off Tiamat on level 4 of the Realm of Zot)
Jewellery
 a - an uncursed ring of resist corrosion
 w - the macabre finger necklace (around neck) {rN+}
   (You found it on level 5 of the Pits of Slime)

   [amulet of nothing]

   It protects you from negative energy.
 x - an uncursed ring of positive energy
 L - the ring "Luceycaj" (on amulet) {rF+ Stlth+}
   (You found it on level 12 of the Dungeon)

   [ring of stealth]

   It protects you from fire.
   It makes you more stealthy.
 S - a +5 ring of protection
 U - the ring "Yppyluoxae" (right hand) {+Inv rF+ rN+}
   (You bought it in a shop on level 2 of the Depths)

   [ring of positive energy]

   It protects you from fire.
   It protects you from negative energy.
   It lets you turn invisible.
 Y - a +6 ring of strength (left hand)
Wands
 e - a wand of scattershot (7)
 h - a wand of acid (23)
 E - a wand of disintegration (53)
 G - a wand of flame (78)
 I - a wand of paralysis (69)
 P - a wand of clouds (21)
 V - a wand of digging (15)
Scrolls
 i - 37 scrolls of remove curse
 m - 8 scrolls of fog
 n - 12 scrolls of enchant armour
 o - 31 scrolls of teleportation
 q - 7 scrolls of enchant weapon
 t - 23 scrolls of identify
 B - 8 scrolls of fear
 O - 5 scrolls of holy word
 Q - 3 scrolls of silence
Potions
 d - 9 potions of might
 j - 9 potions of resistance
 k - 12 potions of brilliance
 l - 10 potions of agility
 p - 10 potions of lignification
 s - 11 potions of invisibility
 v - a potion of ambrosia
 A - 10 potions of curing
 J - 9 potions of flight
 K - 8 potions of magic
 N - 7 potions of berserk rage
 R - 9 potions of haste
 W - 8 potions of cancellation
Miscellaneous
 D - a figurine of a ziggurat
Comestibles
 f - 2 rations


   Skills:
 O Level 27 Fighting
 O Level 27 Axes
 O Level 27 Maces & Flails
 O Level 27 Armour
 O Level 27 Dodging
 + Level 16.3 Stealth
 O Level 27 Shields
 O Level 27 Evocations


You had 26 spell levels left.
You didn't know any spells.
Your spell library contained the following spells:

 Spells                   Type           Power        Failure   Level  Hunger
 Animate Skeleton         Necr           N/A          67%         1    ##.....
 Apportation              Tloc           #.....       67%         1    ##.....
 Beastly Appendage        Tmut           #.....       67%         1    ##.....
 Confusing Touch          Hex            #.....       67%         1    ##.....
 Corona                   Hex            #......      67%         1    ##.....
 Foxfire                  Conj/Fire      #...         67%         1    ##.....
 Freeze                   Ice            #...         67%         1    ##.....
 Infusion                 Chrm           #...         67%         1    ##.....
 Magic Dart               Conj           #...         67%         1    ##.....
 Shock                    Conj/Air       #...         67%         1    ##.....
 Sting                    Tmut/Pois      #...         67%         1    ##.....
 Summon Butterflies       Summ           #.......     67%         1    ##.....
 Summon Small Mammal      Summ           #...         67%         1    ##.....
 Blink                    Tloc           N/A          82%         2    ###....
 Call Imp                 Summ           #.......     82%         2    ###....
 Corpse Rot               Necr/Air       N/A          82%         2    ###....
 Ensorcelled Hibernation  Hex/Ice        #.....       82%         2    ###....
 Passwall                 Tmut/Erth      #.......     82%         2    ###....
 Poisonous Vapours        Pois/Air       #.....       82%         2    ###....
 Searing Ray              Conj           #.....       82%         2    ###....
 Shroud of Golubria       Chrm/Tloc      #.....       82%         2    ###....
 Slow                     Hex            #.......     82%         2    ###....
 Song of Slaying          Chrm           #.......     82%         2    ###....
 Sticks to Snakes         Tmut           #.......     82%         2    ###....
 Sublimation of Blood     Necr           #.........   82%         2    ###....
 Swiftness                Chrm/Air       #.......     82%         2    ###....
 Call Canine Familiar     Summ           #.......     96%         3    ####...
 Confuse                  Hex            #.......     96%         3    ####...
 Conjure Flame            Conj/Fire      #.......     96%         3    ####...
 Dazzling Flash           Conj/Hex       #.....       96%         3    ####...
 Gell's Gravitas          Tloc           #.........   96%         3    ####...
 Ignite Poison            Fire/Tmut/Pois #.......     96%         3    ####...
 Inner Flame              Hex/Fire       #.......     96%         3    ####...
 Lesser Beckoning         Tloc           #.........   96%         3    ####...
 Mephitic Cloud           Conj/Pois/Air  #.......     96%         3    ####...
 Ozocubu's Armour         Chrm/Ice       #.......     96%         3    ####...
 Portal Projectile        Hex/Tloc       #.....       96%         3    ####...
 Recall                   Summ/Tloc      N/A          96%         3    ####...
 Regeneration             Chrm/Necr      #.........   96%         3    ####...
 Spectral Weapon          Hex/Chrm       #.......     96%         3    ####...
 Spider Form              Tmut/Pois      #.........   96%         3    ####...
 Static Discharge         Conj/Air       #.......     96%         3    ####...
 Stone Arrow              Conj/Erth      #.....       96%         3    ####...
 Summon Guardian Golem    Hex/Summ       #.......     96%         3    ####...
 Teleport Other           Tloc           #.......     96%         3    ####...
 Tukima's Dance           Hex            #.......     96%         3    ####...
 Airstrike                Air            #.........   100%        4    #####..
 Cause Fear               Hex            #.........   100%        4    #####..
 Fulminant Prism          Conj/Hex       #.........   100%        4    #####..
 Hailstorm                Conj/Ice       #.......     100%        4    #####..
 Ice Form                 Ice/Tmut       #.......     100%        4    #####..
 Iskenderun's Mystic Bla  Conj/Tloc      #.......     100%        4    #####..
 Leda's Liquefaction      Hex/Erth       #.........   100%        4    #####..
 Olgreb's Toxic Radiance  Pois           #.......     100%        4    #####..
 Petrify                  Tmut/Erth      #.......     100%        4    #####..
 Sticky Flame             Conj/Fire      #.......     100%        4    #####..
 Summon Ice Beast         Ice/Summ       #.......     100%        4    #####..
 Summon Lightning Spire   Summ/Air       #.......     100%        4    #####..
 Agony                    Necr           #.......     100%        5    ######.
 Alistair's Intoxication  Tmut/Pois      #.......     100%        5    ######.
 Aura of Abjuration       Summ           #.........   100%        5    ######.
 Blade Hands              Tmut           #.........   100%        5    ######.
 Borgnjor's Vile Clutch   Necr/Erth      #.........   100%        5    ######.
 Dispel Undead            Necr           #.......     100%        5    ######.
 Excruciating Wounds      Chrm/Necr      #.........   100%        5    ######.
 Fireball                 Conj/Fire      #.........   100%        5    ######.
 Irradiate                Conj/Tmut      #.........   100%        5    ######.
 Lightning Bolt           Conj/Air       #.........   100%        5    ######.
 Metabolic Englaciation   Hex/Ice        #.........   100%        5    ######.
 Silence                  Hex/Air        #.........   100%        5    ######.
 Summon Demon             Summ           #.........   100%        5    ######.
 Summon Forest            Summ/Tloc      #.........   100%        5    ######.
 Summon Mana Viper        Hex/Summ       #.......     100%        5    ######.
 Yara's Violent Unravell  Hex/Tmut       #.........   100%        5    ######.
 Conjure Ball Lightning   Conj/Air       #.........   100%        6    #######
 Darkness                 Hex            #.........   100%        6    #######
 Deflect Missiles         Chrm/Air       #.........   100%        6    #######
 Dispersal                Tloc           #.........   100%        6    #######
 Eringya's Noxious Bog    Tmut/Pois      #.........   100%        6    #######
 Freezing Cloud           Conj/Ice/Air   #.........   100%        6    #######
 Hydra Form               Tmut           #.........   100%        6    #######
 Shadow Creatures         Summ           N/A          100%        6    #######
 Simulacrum               Ice/Necr       #.........   100%        6    #######
 Statue Form              Tmut/Erth      #........    100%        6    #######
 Dragon Form              Tmut           #.........   100%        7    #######
 Haunt                    Necr/Summ      #.........   100%        7    #######
 Malign Gateway           Summ/Tloc      #.........   100%        7    #######
 Monstrous Menagerie      Summ           #.........   100%        7    #######
 Ring of Flames           Chrm/Fire      #.........   100%        7    #######
 Summon Greater Demon     Summ           #.........   100%        7    #######
 Summon Hydra             Summ           #.........   100%        7    #######
 Borgnjor's Revivificati  Necr           #.........   100%        8    #######
 Controlled Blink         Tloc           N/A          100%        8    #######
 Death's Door             Chrm/Necr      #.........   100%        8    #######
 Discord                  Hex            #.........   100%        8    #######
 Disjunction              Tloc           #.........   100%        8    #######
 Ignition                 Fire           #.........   100%        8    #######
 Infestation              Necr           #.........   100%        8    #######
 Necromutation            Tmut/Necr      #.........   100%        8    #######
 Summon Horrible Things   Summ           #.........   100%        8    #######
 Dragon's Call            Summ           #.........   100%        9    #######
 Shatter                  Erth           #.........   100%        9    #######
 Tornado                  Air            #.........   100%        9    #######
 Passage of Golubria      Tloc           Unusable     N/A         4    N/A

Dungeon Overview and Level Annotations

Branches:
Dungeon (15/15)            Temple (1/1) D:4            Lair (6/6) D:10
  Swamp (4/4) Lair:2       Spider (4/4) Lair:4        Slime (5/5) Lair:6
    Orc (2/2) D:9             Elf (3/3) Orc:2        Vaults (5/5) D:13
  Crypt (3/3) Vaults:3       Tomb (3/3) Crypt:3      Depths (5/5) D:15
   Hell (visited)             Dis (7/7) Hell            Geh (7/7) Hell
    Coc (7/7) Hell            Tar (7/7) Hell            Zot (5/5) Depths:5
  IceCv (visited)         Volcano (visited)          WizLab (visited)

Altars:
Ashenzari
Cheibriados
Dithmenos
Elyvilon
Fedhas
Gozag
Hepliaklqana
Kikubaaqudgha
Makhleb
Nemelex Xobeh
Okawaru
Qazlal
Ru
Sif Muna
Trog
Uskayaw
Vehumet
Wu Jian
Xom
Yredelemnul
Zin
The Shining One
Jiyva
Lugonu

Shops:
D:8 !?*}   D:9 }?   Orc:2 *}[   Elf:2 [   Elf:3 *   Vaults:3 *   Vaults:4 [
Depths:2 }=((=([**

Portals:
Hell: Depths:1 Depths:2 Depths:3 Depths:4 Depths:5
Abyss: Depths:1 Depths:4
Pandemonium: Depths:1 Depths:3
Ziggurat: Depths:1
Trove: Depths:1 (give +2 fire dragon scales)

Annotations:
Lair:5 exclusion: 2 oklob plants
Swamp:4 Mara
Elf:2 5 runed translucent doors
Tomb:3 Mennas
Zot:1 2 runed translucent doors, Fetiug's ghost, legendary MiCK


Innate Abilities, Weirdness & Mutations

You reflexively headbutt those who attack you in melee.
You have a pair of horns on your head.
You are somewhat resistant to further mutation.
You are weak. (Str -2)


Message History

There is a stone staircase leading up here.
You climb upwards.
There is a stone staircase leading down here.
Gate grins greedily, jangling a coin purse.
Your bribe of the Dungeon has been exhausted.
A pandemonium lord and a large abomination come into view.
Gate hits the large abomination!
Gate hits the large abomination!!
Gate hits the large abomination.
Gate hits the large abomination but does no damage.
The large abomination hits Gate!
Gate hits the large abomination!
The large abomination is destroyed!
That item cannot be evoked!
You swap places.
Press: ? - help, v - describe, . - travel
Here: Gate, armed with a draining touch (lightly wounded, friendly)
The floor.
There is an open door here.
There is a staircase leading out of the dungeon here.
You have escaped!

.# #.##.#######+############## .#
#.##.# ##.## .## #.##.# #...# ..#
#.##.# #...# #.# #.##.# #...#
#.###.##.# ##...##
.........#####..8..#####
##.##.#.##.............####
#..#.#.'....)8&@.8.....+.#
##.#.####.............##.#
###.#.########..8..#####..#
...(..##....###...## ##.##
####..##.##.###...#####..# #
##..##......#...#.....######### #
#..>##..#.#.#...#....## #...... #
######..#.#.##.##....# #....).
########..#.#.##'##....##########


You could see the friendly Gate.

Vanquished Creatures
  Cerebov (Pan)
  Antaeus (Coc:7)
  the Royal Jelly (Slime:5)
  Asmodeus (Geh:7)
  Gloorx Vloq (Pan)
  Ereshkigal (Tar:7)
  A seraph (Pan)
  Lom Lobon (Pan)
  the Serpent of Hell (Tar:7)
  Mnoleg (Pan)
  Tiamat (Zot:4)
  Dispater (Dis:7)
  7 orbs of fire
  8 ancient liches
  7 greater mummies (Tomb:1)
  20 shard shrikes
  6 Killer Klowns
  2 pandemonium lords (Pan)
  Xtahua (Vaults:4)
  Saint Roka (Vaults:1)
  9 golden dragons
  6 caustic shrikes
  Geryon (Hell)
  Jory (Crypt:2)
  The ghost of Tarias the Warrior, an adept OgTm of Okawaru (Elf:2)
  Arachne (Spider:2)
  2 pearl dragons (Pan)
  16 bone dragons
  28 Tzitzimimeh
  6 liches
  3 electric golems
  5 iron giants
  9 doom hounds
  A hellephant (Abyss:5)
  27 Ice Fiends
  A shard shrike zombie (Crypt:1)
  8 Hell Sentinels
  21 Brimstone Fiends
  Jorgrun (D:12)
  4 deep elf master archers
  3 deep elf blademasters (Elf:3)
  17 tentacled monstrosities
  18 acid blobs
  21 Orb Guardians
  6 titans
  11 quicksilver dragons
  16 Executioners
  9 ancient champions
  7 death cobs
  12 sphinxes
  7 eldritch tentacles
  Frances (Spider:1)
  15 tentacled starspawn
  18 shadow dragons
  4 thorn hunters
  4 warmongers (Pan)
  12 draconian monks
  Donald (Crypt:2)
  17 storm dragons
  5 tengu reavers
  19 fire giants
  2 revenants
  14 azure jellies
  19 daevas (Pan)
  10 frost giants
  4 blood saints (Pan)
  11 deep elf sorcerers
  18 vault wardens
  7 draconian knights
  8 ghost moths
  7 iron dragons
  The ghost of Dwachs the Eclecticist, an adept SpEn of Gozag (Swamp:4)
  16 ironheart preservers
  6 emperor scorpions
  31 balrugs
  7 draconian shifters
  6 curse skulls
  Aizul (Vaults:2)
  2 ghouls (Crypt:2)
  3 draconian stormcallers
  23 angels
  13 cacodemons
  8 draconian scorchers
  69 reapers
  3 deep elf elementalists (Elf:3)
  6 draconian annihilators
  3 elemental wellsprings
  27 very ugly things
  20 war gargoyles
  12 entropy weavers
  38 apis (Pan)
  27 stone giants
  21 ophanim (Pan)
  8 green draconians
  3 corrupters (Pan)
  10 deep elf demonologists
  3 bennus
  19 white draconians
  7 vampire knights
  10 red draconians
  6 lorocyprocas
  15 purple draconians
  4 black suns (Pan)
  9 spark wasps
  2 dire elephants
  13 yellow draconians
  10 deep elf annihilators
  8 black draconians
  20 blizzard demons
  5 eidola
  3 deep elf death magi
  7 death oozes
  6 mummy priests (Tomb:1)
  10 green deaths
  19 yaktaur captains
  16 fire dragons
  30 ettins
  9 jiangshi
  10 great orbs of eyes
  A kraken zombie (Hell)
  8 deep elf high priests
  6 quicksilver dragon zombies
  8 rakshasas
  30 vault guards
  7 quicksilver dragon skeletons
  2 hell beasts
  23 hydras
  5 shambling mangroves
  29 two-headed ogres
  2 spriggan air magi
  A catoblepas (D:12)
  20 ice dragons
  7 ghost crabs
  An anaconda (shapeshifter) (Depths:1)
  A two-headed ogre (shapeshifter) (Vaults:5)
  8 monstrous demonspawn
  11 ogre magi
  9 alligators
  10 centaur warriors
  An alligator snapping turtle (Zot:1)
  A death knight (Abyss:2)
  An anaconda (Depths:3)
  5 death scarabs (Tomb:3)
  6 tengu warriors
  30 hell hogs
  7 deep troll shamans
  13 death yaks
  8 deep troll earth magi
  3 orc high priests (Orc:2)
  4 titan zombies
  3 spriggan berserkers (Depths:5)
  12 vampire magi
  Urug (Lair:5)
  5 thrashing horrors
  A queen ant (shapeshifter) (Vaults:5)
  55 sun demons
  4 iron golems
  8 titan skeletons
  6 storm dragon zombies
  13 wretched stars
  5 fire crabs
  21 soul eaters
  11 iron trolls
  17 deep elf knights
  72 hell knights
  A quicksilver dragon simulacrum (Coc:7)
  A fire crab (shapeshifter) (D:12)
  9 shadow wraiths
  2 spatial maelstroms (Abyss:3)
  2 golden dragon zombies
  10 sixfirhies
  10 wizards
  30 deep trolls
  A salamander mystic (Depths:3)
  7 anaconda zombies
  24 flayed ghosts
  4 storm dragon skeletons
  18 shadow demons
  3 unseen horrors
  18 cherubim (Pan)
  110 skeletal warriors
  4 gelid demonspawn (Pan)
  3 infernal demonspawn (Pan)
  2 torturous demonspawn (Pan)
  4 ghost moth zombies
  Pikel (D:9)
  A swamp dragon (shapeshifter) (Vaults:1)
  21 deep elf archers
  An obsidian statue (WizLab)
  7 glowing orange brains
  5 lindwurms
  2 spriggan druids (Depths:3)
  3 golden dragon skeletons
  12 swamp dragons
  28 phantasmal warriors
  9 anaconda skeletons
  18 ironbrand convokers
  13 orc knights
  7 shadow dragon zombies
  11 harpies
  2 harpies (shapeshifter)
  50 deep elf magi
  21 necromancers
  9 shining eyes
  An orb spider (shapeshifter) (Elf:3)
  2 mana vipers (WizLab)
  8 fire giant zombies
  9 manticores
  31 wolf spiders
  5 oklob plants (Zot:3)
  6 cyclopes
  8 shadow dragon skeletons
  7 iron dragon zombies
  30 moths of wrath
  A salamander (shapeshifter) (Vaults:1)
  8 wolf spider zombies
  58 ugly things
  24 orb spiders
  5 orc sorcerers (Orc:2)
  5 stone giant zombies
  4 salamanders
  A worldbinder (Elf:2)
  An alligator snapping turtle zombie (Crypt:2)
  12 vault sentinels
  A guardian serpent (Abyss:3)
  7 frost giant zombies
  8 iron dragon skeletons
  3 shock serpent zombies
  An eye of devastation (Slime:4)
  5 black mambas
  2 black mambas (shapeshifter)
  A naga mage (Abyss:3)
  7 elephants (Lair:6)
  2 ice statues
  8 frost giant skeletons
  2 torpor snails (shapeshifter)
  45 rust devils
  3 dire elephant zombies
  3 human skeletons
  4 molten gargoyles
  5 spectral swamp worms (Tar:7)
  Psyche (D:9)
  20 orange demons
  3 apocalypse crabs
  6 gargoyles
  A spiny frog (shapeshifter) (Elf:1)
  2 titan simulacra (Coc:7)
  An emperor scorpion zombie (Coc:7)
  18 spiny frogs
  30 smoke demons
  7 fire giant skeletons
  6 stone giant skeletons
  17 hellions
  A kobold demonologist (D:15)
  3 dire elephant skeletons (Coc:3)
  A storm dragon simulacrum (Coc:7)
  7 anaconda simulacra
  A rime drake (shapeshifter) (Vaults:3)
  A rime drake (Lair:5)
  19 efreet
  23 demonic crawlers
  A yaktaur (shapeshifter) (Vaults:3)
  2 catoblepas zombies
  61 freezing wraiths
  63 yaktaurs
  42 tormentors
  35 ice devils
  A minotaur zombie (Tar:7)
  A grey draconian skeleton (Crypt:1)
  10 komodo dragons
  2 silent spectres (Tar:7)
  2 komodo dragons (shapeshifter)
  3 tengu conjurers
  9 ancient zymes
  2 catoblepas skeletons
  24 hellwings
  12 guardian mummies
  32 red devils
  10 hydra zombies
  4 harpy zombies
  A merfolk (Elf:1)
  9 trolls
  2 polar bears (Lair:6)
  34 hornets
  8 tyrant leeches
  A meliai (shapeshifter) (Depths:4)
  5 ice dragon zombies
  27 raiju
  24 jumping spiders
  118 slime creatures
  6 hippogriffs
  15 hydra skeletons
  12 bog bodies
  4 dream sheep (Lair:5)
  A hippogriff (shapeshifter) (Vaults:3)
  5 fire dragon zombies
  6 ettin zombies
  A jumping spider zombie (Crypt:1)
  25 blink frogs
  9 alligator zombies
  2 frost giant simulacra
  9 ettin skeletons
  A stone giant simulacrum (Vaults:1)
  Sigmund (D:3)
  3 ushabtiu (Tomb:1)
  36 tarantellas
  A spectral tyrant leech (Swamp:4)
  4 alligator skeletons
  4 black mamba zombies
  2 redbacks (shapeshifter)
  7 spriggans
  9 ice dragon skeletons
  39 shadows
  2 tarantellas (shapeshifter)
  3 air elementals
  12 ynoxinuls
  58 redbacks
  4 wyverns
  124 flying skulls
  13 water elementals
  38 wraiths
  A wyvern (shapeshifter) (Elf:2)
  46 large abominations
  45 yaks
  4 fire dragon skeletons
  6 vampires
  11 chaos spawn
  7 fire bats
  3 hogs (Swamp:4)
  14 fire elementals
  15 golden eyes
  A basilisk (shapeshifter) (Vaults:2)
  A death yak simulacrum (IceCv)
  3 black mamba skeletons
  4 basilisks
  8 hungry ghosts
  A fire bat (shapeshifter) (Vaults:2)
  2 steam dragons (Swamp:4)
  23 vampire mosquitoes
  A human (shapeshifter) (D:14)
  18 neqoxecs (Pan)
  8 wargs
  27 insubstantial wisps
  3 soldier ants
  10 spatial vortices
  2 spectral spiny frogs (Swamp:4)
  6 acid dragons
  13 water moccasins
  3 hydra simulacra
  14 swamp worms
  A merfolk skeleton (Pan)
  5 floating eyes
  60 hell hounds
  A faun skeleton (Crypt:1)
  6 spiny frog zombies
  A hornet zombie (D:9)
  A black bear (shapeshifter) (Depths:2)
  2 ogre skeletons
  4 porcupines
  34 orc warriors
  A slave (D:9)
  2 black bears
  10 swamp drakes
  6 sky beasts
  45 starcursed masses
  2 swamp dragon zombies
  24 ice beasts
  An ice dragon simulacrum (Crypt:1)
  7 spiny frog skeletons
  3 manticore zombies
  23 necrophages
  10 phantoms
  5 snapping turtle zombies
  A centaur (shapeshifter) (Elf:2)
  30 ogres
  13 small abominations
  8 eyes of draining
  10 boggarts
  21 centaurs
  3 manticore skeletons
  7 snapping turtle skeletons
  4 spriggan simulacra
  8 crocodiles
  2 big kobolds
  2 human zombies (Vaults:1)
  Blork the orc (D:6)
  24 bullfrogs
  4 earth elementals
  A salamander skeleton (Crypt:2)
  2 wyvern skeletons
  A warg zombie (Crypt:2)
  A water moccasin skeleton (Crypt:2)
  2 troll zombies
  8 scorpions
  A blink frog simulacrum (Swamp:4)
  An elephant simulacrum (IceCv)
  11 killer bees
  2 swamp dragon simulacra (IceCv)
  A killer bee (shapeshifter) (Elf:2)
  76 wights
  3 tengu skeletons
  A troll skeleton (Dis:3)
  A howler monkey (D:4)
  2 electric eels (Lair:6)
  A spriggan skeleton (Geh:5)
  13 crimson imps
  2 bullfrog zombies (D:9)
  8 quasits
  8 draconian simulacra (IceCv)
  2 centaur zombies
  17 iron imps
  3 hounds
  8 jellies
  29 orc wizards
  2 bullfrog skeletons (D:11)
  7 centaur skeletons
  23 orc priests
  A wolf skeleton (Crypt:1)
  A hound (shapeshifter) (Elf:2)
  A basilisk skeleton (Crypt:1)
  7 iguanas
  A spectral swamp drake (Swamp:4)
  A lightning spire (Zot:3)
  13 worker ants
  A killer bee zombie (D:9)
  3 centaur simulacra
  A tengu zombie (Dis:3)
  A deep dwarf skeleton (Crypt:2)
  3 hound zombies
  3 hound skeletons (D:9)
  26 mummies
  4 worker ant zombies
  25 adders
  12 gnolls
  4 ogre simulacra (IceCv)
  4 naga simulacra (IceCv)
  A steam dragon skeleton (Crypt:1)
  21 shadow imps
  30 white imps
  10 ufetubi
  2 oozes
  A swamp drake simulacrum (Swamp:4)
  A lava snake zombie (Crypt:1)
  4 adder skeletons
  2 adder zombies
  4 worms
  A ball lightning (Pan)
  3 dart slugs
  4 leopard geckos
  84 orcs
  A ball python (D:1)
  8 bats
  2 bat zombies (D:7)
  5 giant cockroaches
  6 goblins
  A hobgoblin (shapeshifter) (Elf:2)
  8 hobgoblins
  6 jackals
  14 kobolds
  9 quokkas
  A dart slug zombie (Crypt:1)
  4 frilled lizards
  A giant cockroach zombie (Crypt:1)
  A jackal zombie (D:9)
  A kobold skeleton (Coc:7)
  A kobold zombie (Coc:7)
  A leopard gecko skeleton (D:4)
  An orc zombie (Coc:7)
  2 quokka skeletons
  A quokka zombie (D:6)
  7 rats
  A rat zombie (D:7)
  2 fire vortices (Geh:7)
  6 starspawn tentacles
  2 tentacles (Hell)
4932 creatures vanquished.

Vanquished Creatures (collateral kills)
  A greater mummy (Tomb:1)
  A lich (Tomb:3)
  A tentacled starspawn (Abyss:2)
  A sphinx (Depths:4)
  A frost giant (Depths:5)
  A deep elf sorcerer (Elf:3)
  A draconian knight (Zot:2)
  A draconian annihilator (Zot:1)
  A stone giant (Depths:5)
  A deep elf annihilator (Elf:1)
  A white draconian (Zot:1)
  2 fire dragons
  A rakshasa (Abyss:3)
  A hell beast (Depths:1)
  An ice dragon (Depths:5)
  A tengu warrior (Depths:4)
  23 death scarabs (Tomb:3)
  A deep troll earth mage (Depths:5)
  2 deep elf knights
  A wretched star (Abyss:2)
  A hell knight (Depths:4)
  A shadow demon (Abyss:3)
  A glowing orange brain (Abyss:2)
  2 deep elf archers
  A flayed ghost (Depths:1)
  An iron dragon zombie (Tomb:3)
  10 deep elf magi
  3 salamanders (Depths:3)
  A frost giant zombie (Tomb:3)
  A yaktaur (Depths:4)
  3 guardian mummies
  A tormentor (Abyss:3)
  An ancient zyme (Abyss:2)
  5 large abominations
  6 flying skulls
  A ynoxinul (Abyss:2)
  3 ushabtiu (Tomb:1)
  2 neqoxecs (Abyss:3)
  3 small abominations (Abyss:2)
  A floating eye (Depths:5)
  2 starcursed masses (Abyss:3)
  A scorpion (Elf:3)
  8 mummies
  A white imp (Abyss:3)
  A lurking horror (Abyss:2)
105 creatures vanquished.

Vanquished Creatures (others)
  10 greater mummies
  An iron giant (Dis:7)
  A lich (Tomb:2)
  6 eldritch tentacles
  2 ancient champions (Tomb:3)
  A draconian knight (Zot:2)
  2 fire giants
  A deep elf sorcerer (Elf:3)
  A frost giant (Zot:1)
  An ironheart preserver (Vaults:1)
  An elemental wellspring (Coc:7)
  A draconian annihilator (Zot:1)
  A deep elf annihilator (Elf:1)
  A bennu (Tomb:3)
  A green death (Pan)
  A blizzard demon (Pan)
  5 mummy priests
  A deep elf high priest (Elf:3)
  2 yaktaur captains (Vaults:5)
  An ice dragon (Coc:7)
  A hydra (Swamp:4)
  2 rakshasas
  A two-headed ogre (Volcano)
  13 dancing weapons
  30 death scarabs (Tomb:3)
  2 hell hogs (Geh:7)
  A hell knight (Depths:4)
  2 skeletal warriors (Tomb:3)
  An unseen horror (Abyss:2)
  A glowing orange brain (Pan)
  A lindwurm (Swamp:4)
  2 cherubim (Pan)
  A swamp dragon (Swamp:4)
  A deep troll (Depths:2)
  A harpy (Vaults:4)
  2 orb spiders
  2 deep elf magi
  A worldbinder (Elf:2)
  A moth of wrath (Zot:3)
  A vault sentinel (Vaults:5)
  3 smoke demons (Pan)
  3 yaktaurs (Vaults:5)
  An ice devil (Tar:3)
  13 guardian mummies
  A hornet (Vaults:1)
  A bog body (Swamp:1)
  A fire giant simulacrum (Tomb:3)
  A flying skull (Tomb:1)
  A redback (Spider:3)
  2 shadows (Geh:1)
  An ushabti (Tomb:1)
  A small abomination (D:6)
  An ice dragon skeleton (Tomb:3)
  A hog (Swamp:4)
  A neqoxec (Abyss:2)
  A steam dragon (Swamp:4)
  An insubstantial wisp (Swamp:4)
  6 swamp drakes (Swamp:4)
  3 slaves (D:9)
  A boggart (WizLab)
  A centaur (Volcano)
  2 spriggan simulacra (Swamp:4)
  A wight (Dis:3)
  An orc priest (D:9)
  An iron imp (Depths:3)
  4 mummies
  A swamp drake simulacrum (Swamp:4)
  17 ball lightnings
  3 briar patches
  3 bushes (Depths:3)
  6 fire vortices
  22 fungi
  A lurking horror (WizLab)
  48 plants
  55 starspawn tentacles
  6 tentacles (Hell)
324 creatures vanquished.

Grand Total: 5361 creatures vanquished

Notes
Turn   | Place    | Note
-------+----------+-------------------------------------------
     0 | D:1      | tony01 the Minotaur Fighter began the quest for the Orb.
     0 | D:1      | Reached XP level 1. HP: 19/19 MP: 0/0
    79 | D:1      | Reached XP level 2. HP: 20/27 MP: 1/1
   805 | D:2      | Reached XP level 3. HP: 23/34 MP: 2/2
  1187 | D:2      | Reached skill level 5 in Fighting
  1437 | D:2      | Reached XP level 4. HP: 42/42 MP: 3/3
  2133 | D:3      | Noticed Sigmund
  2156 | D:3      | Killed Sigmund
  2156 | D:3      | Reached XP level 5. HP: 37/53 MP: 4/4
  2156 | D:3      | Reached XP level 6. HP: 42/61 MP: 5/5
  3339 | D:4      | Found a staircase to the Ecumenical Temple.
  3380 | D:4      | Reached XP level 7. HP: 16/70 MP: 6/6
  3628 | D:4      | Found a shattered altar of Ashenzari.
  3640 | Temple   | Entered the Ecumenical Temple
  3817 | D:4      | Found a burning altar of Makhleb.
  3818 | D:4      | Found a shimmering altar of Xom.
  4151 | D:5      | Entered Level 5 of the Dungeon
  4235 | D:5      | Found a sparkling altar of Nemelex Xobeh.
  4295 | D:5      | Reached skill level 10 in Fighting
  4752 | D:6      | Reached skill level 5 in Maces & Flails
  4795 | D:6      | Reached XP level 8. HP: 49/79 MP: 7/7
  5229 | D:6      | Found a sacrificial altar of Ru.
  5251 | D:6      | Noticed Blork the orc
  5257 | D:6      | Killed Blork the orc
  5678 | D:7      | Found an opulent altar of Gozag.
  5685 | D:7      | Became a worshipper of Gozag Ym Sagoz the Greedy
  5700 | D:7      | Noticed a hippogriff
  5716 | D:7      | Killed a hippogriff
  5716 | D:7      | Reached skill level 10 in Maces & Flails
  5719 | D:7      | Reached XP level 9. HP: 70/85 MP: 8/8
  6339 | D:7      | Found an ancient bone altar of Kikubaaqudgha.
  6940 | D:8      | Found Fad Xybe's Assorted Antiques.
  6983 | D:8      | Bought a glowing morningstar for 182 gold pieces
  6992 | D:8      | Noticed a two-headed ogre
  7004 | D:8      | Killed a two-headed ogre
  7047 | D:8      | Found Qekomn's Food Shoppe.
  7075 | D:8      | Found Onyqot's Gadget Shop.
  7234 | D:8      | Found Xiet's Magic Scroll Shop.
  7245 | D:8      | Bought a scroll of magic mapping for 42 gold pieces
  7245 | D:8      | Bought a scroll of teleportation for 36 gold pieces
  7300 | D:8      | Paralysed by a hornet for 2 turns
  7302 | D:8      | Reached XP level 10. HP: 79/93 MP: 3/9
  7616 | D:8      | Found Pinuant's Distillery.
  7619 | D:8      | Bought a potion of curing for 39 gold pieces
  7619 | D:8      | Bought a potion of mutation for 104 gold pieces
  7656 | D:9      | Found a hide-covered altar of Uskayaw.
  7719 | D:9      | Noticed Pikel
  7738 | D:9      | Killed Pikel
  7799 | D:9      | Found Jinnyoci's Gadget Boutique.
  7820 | D:9      | Found a staircase to the Orcish Mines.
  7990 | D:9      | Reached skill level 15 in Maces & Flails
  8092 | D:9      | Found a glowing silver altar of Zin.
  8182 | D:9      | Noticed Psyche
  8199 | D:9      | Killed Psyche
  8301 | D:9      | Found a stormy altar of Qazlal.
  8453 | D:9      | Reached XP level 11. HP: 53/99 MP: 3/10
  8603 | D:9      | Noticed a skeletal warrior
  9208 | D:9      | Found Nak Loet's Magic Scroll Shop.
  9216 | D:9      | Bought a scroll of enchant armour for 112 gold pieces
  9216 | D:9      | Bought a scroll of blinking for 112 gold pieces
  9383 | D:10     | Entered Level 10 of the Dungeon
  9835 | D:10     | Reached skill level 5 in Armour
  9902 | D:10     | Noticed a death yak
  9905 | D:10     | Noticed a death yak
  9964 | D:9      | Killed a death yak
  9964 | D:9      | Reached skill level 5 in Shields
  9987 | D:10     | Killed a death yak
 10246 | D:10     | Found a staircase to the Lair.
 10284 | D:10     | Noticed a death yak
 10285 | D:10     | Noticed a death yak
 10286 | D:10     | Noticed a death yak
 10286 | D:10     | Noticed a death yak
 10305 | D:10     | Killed a death yak
 10317 | D:10     | Killed a death yak
 10362 | D:9      | Killed a death yak
 10718 | D:10     | Killed a death yak
 11127 | Lair:1   | Entered Level 1 of the Lair of Beasts
 11925 | Lair:2   | Reached XP level 12. HP: 47/106 MP: 3/11
 12148 | Lair:2   | Found a staircase to the Swamp.
 12484 | Lair:2   | Noticed an eight-headed hydra
 12492 | Lair:2   | Killed an eight-headed hydra
 13096 | Lair:3   | Reached skill level 10 in Armour
 13343 | Lair:3   | Found a dark tunnel.
 13353 | Lair:3   | Reached skill level 10 in Shields
 13613 | Volcano  | Entered a volcano
 13691 | Volcano  | Noticed a two-headed ogre
 13705 | Volcano  | Killed a two-headed ogre
 13732 | Volcano  | Noticed a two-headed ogre
 13736 | Volcano  | Killed a two-headed ogre
 13987 | Volcano  | Noticed a hell hog
 14012 | Volcano  | Killed a hell hog
 14385 | Lair:3   | Found a runed translucent door.
 14638 | Lair:3   | You fall into a shaft and drop 1 floor!
 14693 | Lair:4   | Found a hole to the Spider Nest.
 15556 | Lair:4   | Noticed a six-headed hydra
 15564 | Lair:4   | Killed a six-headed hydra
 16381 | Lair:5   | Reached XP level 13. HP: 107/113 MP: 4/12
 16980 | Lair:5   | Noticed Urug
 17003 | Lair:5   | Killed Urug
 17580 | Lair:6   | Entered Level 6 of the Lair of Beasts
 19687 | Lair:6   | Reached skill level 15 in Armour
 20631 | Lair:6   | Noticed a fire dragon
 20984 | Lair:5   | Reached XP level 14. HP: 118/121 MP: 4/13
 21530 | Lair:6   | Found a staircase to the Slime Pits.
 22083 | Lair:3   | Noticed an entropy weaver
 22084 | Lair:3   | Upgraded the game from 0.25-a0-200-g5ba96148f3 to
                  | 0.25-a0-246-g58704a1ebd
 22111 | Lair:3   | Killed an entropy weaver
 22111 | Lair:3   | Reached skill level 15 in Shields
 22212 | Lair:3   | Noticed an entropy weaver
 22243 | Lair:3   | Killed an entropy weaver
 22271 | Lair:3   | Noticed an entropy weaver
 22288 | Lair:3   | Killed an entropy weaver
 22670 | Lair:3   | Noticed an entropy weaver
 22684 | Lair:3   | Killed an entropy weaver
 23109 | Lair:3   | Got a spiked ring mail
 23113 | Lair:3   | Identified the +0 ring mail of Insecurity {MP+9} (You found
                  | it on level 3 of the Lair of Beasts)
 23310 | Orc:1    | Entered Level 1 of the Orcish Mines
 23889 | Orc:2    | Entered Level 2 of the Orcish Mines
 24052 | Orc:2    | Found a staircase to the Elven Halls.
 24823 | Orc:2    | Paralysed by an orc sorcerer for 4 turns
 24913 | Orc:2    | Gained mutation: You are dopey. (Int -2) [a neqoxec]
 25764 | Orc:2    | Found Doshruov's Armour Emporium.
 25764 | Orc:2    | Found Jydd's Assorted Antiques.
 25765 | Orc:2    | Found Kous's Distillery.
 25765 | Orc:2    | Found Tothrutt's Gadget Boutique.
 25795 | Orc:2    | Bought a potion of flight for 42 gold pieces
 25795 | Orc:2    | Bought a potion of cancellation for 112 gold pieces
 25795 | Orc:2    | Bought a potion of haste for 140 gold pieces
 25795 | Orc:2    | Bought a potion of lignification for 42 gold pieces
 25799 | Orc:2    | Bought a +3 plate armour of poison resistance for 588 gold
                  | pieces
 25799 | Orc:2    | Bought a +1 pair of gloves of strength for 231 gold pieces
 25823 | Orc:2    | Bought a pair of smoking gloves for 275 gold pieces
 25833 | Orc:2    | Identified the +2 pair of gloves "Doothroe" {Int+2 Dex-5
                  | SInv} (You bought it in a shop on level 2 of the Orcish
                  | Mines)
 26240 | Swamp:1  | Entered Level 1 of the Swamp
 27636 | Swamp:1  | Reached XP level 15. HP: 122/126 MP: 4/14
 27676 | Swamp:1  | Got a faintly glowing shield
 27687 | Swamp:1  | Identified the +1 shield "Mynag" {MR+++ MP+9 Str+3 Int-2}
                  | (You found it on level 1 of the Swamp)
 29379 | Swamp:2  | Noticed a tentacled monstrosity
 29403 | Swamp:2  | Killed a tentacled monstrosity
 29679 | Swamp:3  | Noticed a thorn hunter
 29796 | Swamp:2  | Killed a thorn hunter
 29954 | Swamp:3  | Noticed a thorn hunter
 29973 | Swamp:3  | Killed a thorn hunter
 30779 | Swamp:2  | Paralysed by a hornet for 1 turns
 31126 | Swamp:3  | Paralysed by a hornet for 3 turns
 31476 | Swamp:3  | Found an opulent altar of Gozag.
 31484 | Swamp:3  | Noticed a thorn hunter
 31510 | Swamp:3  | Killed a thorn hunter
 32302 | Swamp:4  | Entered Level 4 of the Swamp
 32358 | Swamp:4  | Noticed Mara
 32360 | Swamp:4  | Noticed tony01's illusion
 32621 | Swamp:4  | Reached XP level 16. HP: 146/146 MP: 8/15
 32744 | Swamp:4  | Found a runed translucent gate.
 32744 | Swamp:4  | Found a runed translucent gate.
 32744 | Swamp:4  | Found a runed translucent gate.
 32744 | Swamp:4  | Noticed Dwachs's ghost (adept SpEn)
 32790 | Swamp:4  | Noticed tony01's illusion
 32963 | Swamp:4  | Noticed a thorn hunter
 34111 | Swamp:4  | Reached skill level 15 in Fighting
 34375 | Swamp:4  | Killed a thorn hunter
 34938 | Swamp:4  | Got a decaying rune of Zot
 35566 | Swamp:4  | Killed Dwachs's ghost
 36197 | Slime:1  | Entered Level 1 of the Pits of Slime
 36292 | Spider:1 | Entered Level 1 of the Spider Nest
 36827 | Spider:1 | Noticed Frances
 36839 | Spider:1 | Killed Frances
 37851 | Spider:2 | Got a pitted ring mail
 37852 | Spider:2 | Identified the cursed +0 ring mail of the Komtur {rN+ Str+6
                  | Int-5} (You found it on level 2 of the Spider Nest)
 38820 | Spider:3 | HP: 4/152 [wolf spider (15)]
 39216 | Spider:3 | Noticed Arachne
 39580 | Spider:2 | Killed Arachne
 39580 | Spider:2 | Reached XP level 17. HP: 97/161 MP: 8/16
 40629 | Spider:3 | Reached skill level 1 in Evocations
 41500 | Spider:4 | Entered Level 4 of the Spider Nest
 43751 | Spider:4 | Got a gossamer rune of Zot
 44550 | D:11     | Found a frozen archway.
 44596 | IceCv    | Entered an ice cave
 44982 | IceCv    | Found an ancient bone altar of Kikubaaqudgha.
 46239 | D:12     | Noticed Jorgrun
 46252 | D:12     | Killed Jorgrun
 46357 | D:12     | Reached XP level 18. HP: 143/176 MP: 9/18
 46665 | D:12     | Got a warped amber ring
 46667 | D:12     | Identified the ring "Luceycaj" {rF+ Stlth+} (You found it
                  | on level 12 of the Dungeon)
 47211 | D:13     | Got a transparent ring mail
 47212 | D:13     | Identified the +6 ring mail of Fortitude {rF+ rC+} (You
                  | found it on level 13 of the Dungeon)
 47341 | D:13     | Found a gate to the Vaults.
 47704 | D:14     | Identified a scroll of acquirement
 47954 | D:14     | Got a fine long sword
 47955 | D:14     | Identified the +6 long sword "Duramowk" {drain, *Noise
                  | rElec rF+} (You found it on level 14 of the Dungeon)
 48677 | D:15     | Entered Level 15 of the Dungeon
 48785 | D:15     | Found a shimmering altar of Xom.
 49494 | D:15     | Found a staircase to the Depths.
 50213 | Vaults:1 | Entered Level 1 of the Vaults
 51370 | Vaults:1 | Noticed a Brimstone Fiend
 52104 | Vaults:1 | Noticed Saint Roka
 52147 | Vaults:1 | Killed Saint Roka
 52689 | Vaults:1 | Reached XP level 19. HP: 95/193 MP: 9/19
 55693 | Vaults:2 | Noticed Aizul
 55891 | Vaults:2 | Killed Aizul
 58134 | Vaults:3 | Found Aquli's Assorted Antiques.
 58616 | Vaults:3 | Found a staircase to the Crypt.
 58616 | Vaults:3 | Found an ancient bone altar of Kikubaaqudgha.
 58617 | Vaults:3 | Found a basalt altar of Yredelemnul.
 58767 | Vaults:3 | Found a magical portal.
 58772 | WizLab   | Found a transporter.
 58780 | WizLab   | Found a corrupted altar of Lugonu.
 58997 | WizLab   | Found a transporter.
 59055 | WizLab   | Found the +1 cloak of Starlight {rElec rC+ EV+4 Stlth--}
 59079 | WizLab   | Found a transporter.
 59114 | WizLab   | Found a transporter.
 59138 | WizLab   | Found a transporter.
 59150 | WizLab   | Found a transporter.
 59199 | WizLab   | Found a transporter.
 59217 | WizLab   | Identified Golubria's Papyrus of Orientation
 59257 | WizLab   | Found a transporter.
 59404 | WizLab   | Found a transporter.
 59431 | WizLab   | Got a polished cloak
 59442 | WizLab   | Identified the +1 cloak of the Farrier {Stlth+} (You found
                  | it in a wizard's laboratory)
 59461 | WizLab   | Identified Golubria's Incunabulum of Dislocation
 59502 | WizLab   | Found a transporter.
 59502 | WizLab   | Found a transporter.
 59752 | WizLab   | Found a transporter.
 59752 | WizLab   | Found a transporter.
 59843 | WizLab   | Found a transporter.
 59843 | WizLab   | Found a transporter.
 59888 | WizLab   | Found a transporter.
 59888 | WizLab   | Found a transporter.
 59894 | WizLab   | Reached XP level 20. HP: 184/209 MP: 20/20
 59995 | WizLab   | Found a transporter.
 60054 | WizLab   | Found a transporter.
 60054 | WizLab   | Found a transporter.
 60240 | Vaults:3 | Bought a scroll of enchant weapon for 277 gold pieces
 60240 | Vaults:3 | Bought a shiny glass ring for 185 gold pieces
 60240 | Vaults:3 | Bought a scroll of blinking for 277 gold pieces
 62055 | Vaults:4 | Noticed Xtahua
 62145 | Vaults:3 | Found the +5 demon whip "Spellbinder" {antimagic, MR+}
 62322 | Vaults:4 | Killed Xtahua
 63270 | Vaults:4 | Identified the cursed +0 morningstar of Jiemioto {elec, rC+
                  | Str+5}
 63338 | Vaults:4 | Found a sacrificial altar of Ru.
 63349 | Vaults:4 | Found Qauledghus's Armour Shop.
 63616 | Vaults:4 | Identified the +2 leather armour "Ybiogime" {MR- Str+4}
 64128 | Vaults:4 | Reached skill level 27 in Fighting
 64365 | Vaults:4 | Reached XP level 21. HP: 210/224 MP: 10/21
 64993 | Elf:1    | Entered Level 1 of the Elven Halls
 65020 | Elf:1    | Found a radiant altar of Vehumet.
 65634 | Elf:1    | Found a huge runed gate.
 65634 | Elf:1    | Found a huge runed gate.
 65635 | Elf:1    | Found a huge runed gate.
 65635 | Elf:1    | Found a huge runed gate.
 65635 | Elf:1    | Found a huge runed gate.
 65636 | Elf:1    | Found a huge runed gate.
 65636 | Elf:1    | Found a huge runed gate.
 66202 | Elf:1    | Found a huge runed gate.
 66202 | Elf:1    | Found a huge runed gate.
 66202 | Elf:1    | Found a huge runed gate.
 66202 | Elf:1    | Found a huge runed gate.
 66211 | Elf:1    | Found a huge runed gate.
 66211 | Elf:1    | Found a huge runed gate.
 66211 | Elf:1    | Found a huge runed gate.
 66220 | Elf:1    | Found a huge runed gate.
 66220 | Elf:1    | Found a huge runed gate.
 66221 | Elf:1    | Found a huge runed gate.
 66223 | Elf:1    | Found a huge runed gate.
 66223 | Elf:1    | Found a huge runed gate.
 66223 | Elf:1    | Found a huge runed gate.
 66223 | Elf:1    | Found a huge runed gate.
 66223 | Elf:1    | Found a huge runed gate.
 66223 | Elf:1    | Found a huge runed gate.
 66227 | Elf:1    | Found a huge runed gate.
 66227 | Elf:1    | Found a huge runed gate.
 66227 | Elf:1    | Found a huge runed gate.
 66227 | Elf:1    | Found a huge runed gate.
 66357 | Elf:1    | Found a huge runed gate.
 66360 | Elf:1    | Found a huge runed gate.
 66360 | Elf:1    | Found a huge runed gate.
 66360 | Elf:1    | Found a huge runed gate.
 66389 | Elf:1    | Found a huge runed gate.
 66395 | Elf:1    | Found a huge runed gate.
 68182 | Elf:2    | Found a huge runed translucent gate.
 68182 | Elf:2    | Found a huge runed translucent gate.
 68182 | Elf:2    | Found a huge runed translucent gate.
 68182 | Elf:2    | Found a huge runed translucent gate.
 68182 | Elf:2    | Found a huge runed translucent gate.
 68335 | Elf:2    | Found a runed translucent gate.
 68335 | Elf:2    | Found a runed translucent gate.
 68335 | Elf:2    | Found a runed translucent gate.
 68392 | Elf:2    | Identified the Incunabulum of Summoning
 68610 | Elf:2    | Found Egeuts's Antique Armour Shoppe.
 68621 | Elf:2    | Bought a bloodstained large shield for 323 gold pieces
 68621 | Elf:2    | Bought a crude plate armour for 952 gold pieces
 68636 | Elf:2    | Identified the +9 plate armour "Cyiwawn" {rC+ rCorr} (You
                  | bought it in a shop on level 2 of the Elven Halls)
 68654 | Elf:2    | Identified the +1 large shield of Zudgh {rF- Str+5} (You
                  | bought it in a shop on level 2 of the Elven Halls)
 68950 | Elf:2    | Found a runed translucent gate.
 68950 | Elf:2    | Found a runed translucent gate.
 68953 | Elf:2    | Noticed Tarias's ghost (adept OgTm)
 68955 | Elf:2    | Found a runed translucent gate.
 69019 | Elf:3    | Entered Level 3 of the Elven Halls
 69184 | Elf:3    | Found Qautt's General Store.
 69928 | Elf:3    | Identified the cursed +1 plate armour of Upuitwuf {rC+
                  | Str-2 Int+4 Dex+4}
 70367 | Elf:3    | Identified the +5 flail of the Tomato {crush, -Tele rPois
                  | rC+++ Dex-4}
 70390 | Elf:3    | Reached XP level 22. HP: 118/233 MP: 1/22
 70469 | Elf:3    | Identified the +1 robe "Kuba" {Int-2 Dex+4 SInv}
 70473 | Elf:3    | Identified the cursed ring of the Ancients {+Inv Str-2
                  | Dex+7}
 71083 | Elf:3    | Identified the +4 great sword of Integrity {pain, rC+ rN+
                  | MR- Dex+4}
 71091 | Elf:3    | Identified the +9 morningstar "Serail" {protect, Dex+2
                  | Stlth+}
 71259 | Elf:3    | Got a brightly glowing ring mail
 71270 | Elf:3    | Identified the cursed +0 ring mail of Pride {+Blink rPois
                  | Str+4 Slay-5} (You found it on level 3 of the Elven Halls)
 71341 | Elf:3    | Identified the Tome of Spatial Ice
 71437 | Elf:3    | Got a steaming shortbow
 71834 | Depths:1 | Entered Level 1 of the Depths
 71846 | Depths:1 | Found a one-way gate to the infinite horrors of the Abyss.
 71915 | Depths:1 | Found a gateway to Hell.
 72041 | Depths:1 | Found a one-way gate leading to the halls of Pandemonium.
 72498 | Depths:1 | Found a portal to a secret trove of treasure.
 72643 | Depths:1 | Found a gateway to a ziggurat.
 73451 | Depths:2 | Paralysed by a floating eye for 4 turns
 73472 | Depths:2 | Got a polished broad axe
 73473 | Depths:2 | Identified the cursed +3 broad axe "Oqaupp" {freeze, Int+3
                  | SInv} (You found it on level 2 of the Depths)
 73520 | Depths:2 | Got a scintillating granite ring
 73522 | Depths:2 | Identified the ring of Satodaar {rF+ Stlth-} (You found it
                  | on level 2 of the Depths)
 74654 | Depths:2 | Found Metteimm's Jewellery Shop.
 74656 | Depths:2 | Found Gyssac's Gadget Shoppe.
 74657 | Depths:2 | Found Fiot's Jewellery Shop.
 75032 | Depths:3 | Reached XP level 23. HP: 203/240 MP: 10/23
 75134 | Depths:3 | Noticed a caustic shrike
 75155 | Depths:3 | Killed a caustic shrike
 76455 | Depths:3 | You fall into a shaft and drop 2 floors!
 76455 | Depths:5 | Entered Level 5 of the Depths
 76909 | Depths:4 | Paralysed by a floating eye for 2 turns
 77322 | Depths:5 | Found a flickering gateway to a bazaar.
 77335 | Bazaar   | Entered a bazaar
 77497 | Bazaar   | Found Ywock's Antique Weapon Shoppe.
 77508 | Bazaar   | Found Wafremag's Antique Weapon Emporium.
 77523 | Bazaar   | Found Bamuzifye's Antique Armour Shoppe.
 77534 | Bazaar   | Found Lefiaw's Antique Armour Emporium.
 77541 | Bazaar   | Bought a pair of glowing gloves for 97 gold pieces
 77552 | Bazaar   | Bought a pair of glowing gloves for 157 gold pieces
 77588 | Bazaar   | Bought a runed broad axe for 161 gold pieces
 77588 | Bazaar   | Bought a fine hand axe for 184 gold pieces
 77588 | Bazaar   | Bought a runed morningstar for 161 gold pieces
 77593 | Bazaar   | Identified the +6 hand axe of Rogheun {freeze, rN+} (You
                  | bought it in a shop in a bazaar)
 77729 | Depths:5 | Noticed a caustic shrike
 77729 | Depths:5 | Noticed a caustic shrike
 77729 | Depths:5 | Noticed a caustic shrike
 77731 | Depths:5 | Noticed a caustic shrike
 77731 | Depths:5 | Noticed a caustic shrike
 77749 | Depths:5 | Killed a caustic shrike
 77755 | Depths:5 | Killed a caustic shrike
 77766 | Depths:5 | Killed a caustic shrike
 77780 | Depths:5 | Killed a caustic shrike
 77818 | Depths:5 | Killed a caustic shrike
 78561 | Depths:5 | Reached XP level 24. HP: 243/249 MP: 10/23
 78606 | Depths:5 | Paralysed by a floating eye for 2 turns
 79996 | Depths:5 | Found a gate to the Realm of Zot.
 80768 | Depths:4 | Found a corrupted altar of Lugonu.
 82144 | Depths:4 | Voluntarily entered the Abyss.
 82198 | Abyss:1  | Found a corrupted altar of Lugonu.
 82323 | Abyss:2  | Found a corrupted altar of Lugonu.
 82427 | Abyss:2  | Reached skill level 27 in Armour
 83126 | Abyss:2  | Found a corrupted altar of Lugonu.
 83466 | Abyss:2  | Paralysed by accursed screaming for 1 turns
 83493 | Abyss:3  | Found a corrupted altar of Lugonu.
 83608 | Abyss:3  | Found a runed translucent door.
 83812 | Abyss:3  | Reached skill level 27 in Shields
 84393 | Abyss:3  | Found a transporter.
 84415 | Abyss:3  | Paralysed by accursed screaming for 1 turns
 84531 | Abyss:3  | Got an abyssal rune of Zot
 84554 | Abyss:3  | Reached XP level 25. HP: 165/257 MP: 10/23
 85509 | Depths:4 | Escaped the Abyss
 85606 | Zot:1    | Entered Level 1 of the Realm of Zot
 85650 | Zot:1    | Noticed an orb of fire
 85663 | Zot:1    | Gained mutation: You are clumsy. (Dex -2) [an orb of fire]
 85666 | Zot:1    | Killed an orb of fire
 87270 | Zot:1    | Found a large runed translucent door.
 87270 | Zot:1    | Found a large runed translucent door.
 87270 | Zot:1    | Noticed Fetiug's ghost (legendary MiCK)
 87387 | Zot:1    | Gained mutation: Your magical capacity is low. (-10% MP)
                  | [the power of Zot]
 88721 | Zot:2    | Noticed a Killer Klown
 88767 | Zot:2    | Killed a Killer Klown
 89241 | Zot:2    | Reached XP level 26. HP: 209/266 MP: 10/21
 90041 | Zot:2    | Got a slimy eveningstar
 90042 | Zot:2    | Identified the +10 eveningstar of Dithmenos's Reproof
                  | {elec, Int+5 Dex-4} (You acquired it on level 2 of the
                  | Realm of Zot)
 92796 | Zot:3    | Noticed an orb of fire
 92799 | Zot:3    | Gained mutation: Scrolls take you a little longer to read.
                  | [an orb of fire]
 92805 | Zot:3    | Killed an orb of fire
 93188 | Zot:3    | Lost mutation: Your magical capacity is low. (-10% MP)
                  | [potion of mutation]
 93188 | Zot:3    | Lost mutation: You are dopey. (Int -2) [potion of mutation]
 93188 | Zot:3    | Lost mutation: Scrolls take you a little longer to read.
                  | [potion of mutation]
 93188 | Zot:3    | Lost mutation: You are clumsy. (Dex -2) [potion of
                  | mutation]
 93188 | Zot:3    | Gained mutation: You are occasionally teleported next to
                  | monsters. [potion of mutation]
 93188 | Zot:3    | Gained mutation: You are weak. (Str -2) [potion of
                  | mutation]
 93188 | Zot:3    | Gained mutation: You are partially covered in slimy green
                  | scales. (AC +2) [potion of mutation]
 93188 | Zot:3    | Gained mutation: Your mind is acute. (Int +2) [potion of
                  | mutation]
 93189 | Zot:3    | Lost mutation: You are occasionally teleported next to
                  | monsters. [potion of mutation]
 93189 | Zot:3    | Lost mutation: You are weak. (Str -2) [potion of mutation]
 93189 | Zot:3    | Lost mutation: Your mind is acute. (Int +2) [potion of
                  | mutation]
 93189 | Zot:3    | Gained mutation: Your spells are a little easier to cast,
                  | but a little less powerful. [potion of mutation]
 93189 | Zot:3    | Gained mutation: You are resistant to hostile enchantments.
                  | (MR+) [potion of mutation]
 95972 | Zot:4    | Identified the +4 dragonskin cloak
 95972 | Zot:4    | Noticed Tiamat
 96031 | Zot:4    | Killed Tiamat
 96031 | Zot:4    | Reached skill level 27 in Maces & Flails
 96081 | Zot:4    | Reached XP level 27. HP: 232/273 MP: 3/23
 96085 | Zot:4    | Reached skill level 5 in Dodging
 96667 | Depths:2 | Bought the ring "Yppyluoxae" {+Inv rF+ rN+} for 656 gold
                  | pieces
 96678 | Depths:2 | Bought a dazzling flail for 357 gold pieces
 96680 | Depths:2 | Identified the +8 flail of Bread {crush, rPois rF+ MR+
                  | Str-2} (You bought it in a shop on level 2 of the Depths)
 96689 | Depths:2 | Bought a potion of heal wounds for 120 gold pieces
 96695 | Depths:2 | Bought a potion of heal wounds for 120 gold pieces
 96695 | Depths:2 | Bought a potion of heal wounds for 120 gold pieces
 96695 | Depths:2 | Bought a ration for 120 gold pieces
 96697 | Depths:2 | Bought an ancient shield for 237 gold pieces
 96697 | Depths:2 | Bought a pair of embroidered boots for 187 gold pieces
 96697 | Depths:2 | Bought a pair of runed boots for 187 gold pieces
 96747 | Depths:2 | Identified the cursed +0 shield "Jehumax" {rC++ Regen+}
                  | (You bought it in a shop on level 2 of the Depths)
 97031 | Crypt:1  | Entered Level 1 of the Crypt
 98114 | Crypt:2  | Noticed Donald
 98134 | Crypt:2  | Killed Donald
 98262 | Crypt:2  | Got a faintly glowing cloak
 98273 | Crypt:2  | Identified the +2 cloak of Caram {rC- MR++ Int+4} (You
                  | found it on level 2 of the Crypt)
 98314 | Crypt:2  | Reached skill level 10 in Dodging
 98467 | Crypt:2  | Noticed Jory
 98475 | Crypt:2  | Killed Jory
 98621 | Crypt:3  | Entered Level 3 of the Crypt
 98928 | Crypt:3  | Identified Soshrenga's Disquisition on the Noxious Voyage
 99669 | Crypt:3  | Identified the Tome of Darkness
 99858 | Crypt:3  | Found a staircase to the Tomb.
 99872 | Crypt:3  | Noticed an ancient lich
 99882 | Crypt:3  | Killed an ancient lich
 99932 | Crypt:3  | Got a scorched spear
 99933 | Crypt:3  | Identified the +5 spear of the Hand {vamp, Int+3} (You
                  | found it on level 3 of the Crypt)
 99945 | Crypt:3  | Noticed an ancient lich
 99952 | Crypt:3  | Killed an ancient lich
 99964 | Crypt:3  | Identified the Catalogue of Enthralling Toxins
100074 | Crypt:3  | Noticed an ancient lich
100087 | Crypt:3  | Killed an ancient lich
100798 | Pan      | Entered Pandemonium
101163 | Pan      | Reached skill level 15 in Dodging
101242 | Pan      | Noticed Coec the pandemonium lord
101274 | Pan      | Killed Coec the pandemonium lord
102605 | Pan      | Noticed Mewiun the pandemonium lord
102610 | Pan      | Killed Mewiun the pandemonium lord
102629 | Pan      | Identified the Grimoire of the Traveller
103294 | Pan      | Entered the realm of Gloorx Vloq.
103664 | Pan      | Noticed Gloorx Vloq
103679 | Pan      | Killed Gloorx Vloq
104007 | Pan      | Got a dark rune of Zot
104867 | Pan      | Found an exit through the horrors of the Abyss.
104987 | Pan      | Entered the realm of Mnoleg.
104999 | Pan      | Paralysed by a floating eye for 3 turns
105005 | Pan      | Gained mutation: Scrolls take you a little longer to read.
                  | [a neqoxec]
105015 | Pan      | Gained mutation: Your magical capacity is low. (-10% MP) [a
                  | neqoxec]
105017 | Pan      | Gained mutation: Your body sometimes deteriorates upon
                  | taking damage. [a neqoxec]
105019 | Pan      | Gained mutation: Your spells are easier to cast, but less
                  | powerful. [a shining eye]
105023 | Pan      | Gained mutation: Your spells are much easier to cast, but
                  | much less powerful. [a shining eye]
105024 | Pan      | Gained mutation: You are occasionally teleported next to
                  | monsters. [a neqoxec]
105026 | Pan      | Gained mutation: You are dopey. (Int -2) [a neqoxec]
105028 | Pan      | Gained mutation: You are very dopey. (Int -4) [a neqoxec]
105030 | Pan      | Gained mutation: Scrolls take you longer to read. [a
                  | neqoxec]
105035 | Pan      | Gained mutation: You do not regenerate when monsters are
                  | visible. [a neqoxec]
105060 | Pan      | Noticed Mnoleg
105069 | Pan      | Lost intelligence.
105075 | Pan      | Killed Mnoleg
105076 | Pan      | Gained mutation: Your magical capacity is very low. (-20%
                  | MP) [a neqoxec]
105086 | Pan      | Paralysed by a floating eye for 2 turns
105101 | Pan      | Lost mutation: Your magical capacity is very low. (-20% MP)
                  | [a neqoxec]
105105 | Pan      | Paralysed by a floating eye for 2 turns
105107 | Pan      | Gained mutation: You are sometimes teleported next to
                  | monsters. [a neqoxec]
105111 | Pan      | Gained mutation: Your body often deteriorates upon taking
                  | damage. [a neqoxec]
105138 | Pan      | Gained mutation: You tend to lose your temper in combat. [a
                  | cacodemon]
105258 | Pan      | Lost mutation: Your magical capacity is low. (-10% MP)
                  | [potion of mutation]
105258 | Pan      | Lost mutation: You are very dopey. (Int -4) [potion of
                  | mutation]
105258 | Pan      | Gained mutation: You have sharp toenails. [potion of
                  | mutation]
105259 | Pan      | Lost mutation: Scrolls take you longer to read. [potion of
                  | mutation]
105259 | Pan      | Lost mutation: You tend to lose your temper in combat.
                  | [potion of mutation]
105259 | Pan      | Lost mutation: Your body often deteriorates upon taking
                  | damage. [potion of mutation]
105259 | Pan      | Lost mutation: You have sharp toenails. [potion of
                  | mutation]
105259 | Pan      | Lost mutation: You do not regenerate when monsters are
                  | visible. [potion of mutation]
105259 | Pan      | Lost mutation: Your body sometimes deteriorates upon taking
                  | damage. [potion of mutation]
105259 | Pan      | Lost mutation: Your spells are much easier to cast, but
                  | much less powerful. [potion of mutation]
105259 | Pan      | Gained mutation: You are agile. (Dex +2) [potion of
                  | mutation]
105260 | Pan      | Lost mutation: Your spells are easier to cast, but less
                  | powerful. [potion of mutation]
105260 | Pan      | Lost mutation: Scrolls take you a little longer to read.
                  | [potion of mutation]
105260 | Pan      | Lost mutation: Your spells are a little easier to cast, but
                  | a little less powerful. [potion of mutation]
105260 | Pan      | Lost mutation: You are agile. (Dex +2) [potion of mutation]
105260 | Pan      | Gained mutation: Armour fits poorly on your strangely
                  | shaped body. [potion of mutation]
105260 | Pan      | Gained mutation: You are somewhat resistant to further
                  | mutation. [potion of mutation]
105261 | Pan      | Lost mutation: Armour fits poorly on your strangely shaped
                  | body. [potion of mutation]
105261 | Pan      | Lost mutation: You are dopey. (Int -2) [potion of mutation]
105261 | Pan      | Lost mutation: You are sometimes teleported next to
                  | monsters. [potion of mutation]
105261 | Pan      | Gained mutation: You are frail. (-10% HP) [potion of
                  | mutation]
105262 | Pan      | Lost mutation: You are frail. (-10% HP) [potion of
                  | mutation]
105368 | Pan      | Paralysed by a floating eye for 3 turns
105376 | Pan      | Paralysed by a floating eye for 3 turns
105383 | Pan      | Paralysed by a floating eye for 2 turns
105390 | Pan      | Paralysed by a floating eye for 3 turns
105674 | Pan      | Got a glowing rune of Zot
105723 | Pan      | Entered the realm of Cerebov.
106007 | Pan      | Identified the ring "Yrghoiz" {rC+ MR+}
106176 | Pan      | Got a steaming broad axe
106182 | Pan      | Identified the +2 broad axe of the Madman {chop, *Slow
                  | rPois rF+ rN+ Str+4} (You found it in Pandemonium)
106194 | Pan      | Got a pair of heavily runed gloves
106205 | Pan      | Identified the +2 pair of gloves of Idihuapo {rPois rC++
                  | Dex+4} (You found it in Pandemonium)
106274 | Pan      | Identified Keragh's Catalogue of Flamy Air
106279 | Pan      | Identified the +6 sword of Cerebov {flame}
106279 | Pan      | Identified the +3 troll leather armour of Vexation {rN+
                  | Regen+}
106279 | Pan      | Noticed Cerebov
106331 | Pan      | Killed Cerebov
107159 | Pan      | Got a fiery rune of Zot
107165 | Pan      | Got a pair of twisted boots
107176 | Pan      | Identified the +1 pair of boots of True Grit {Str+3 Stlth+}
                  | (You found it in Pandemonium)
107183 | Pan      | Identified the Collected Works on Scorching Enchantment
107296 | Pan      | Entered the realm of Lom Lobon.
107619 | Pan      | Found an exit through the horrors of the Abyss.
107998 | Pan      | Noticed Lom Lobon
108049 | Pan      | Killed Lom Lobon
108056 | Pan      | Got a magical rune of Zot
109837 | Pan      | Found a white marble altar of Elyvilon.
109988 | Pan      | Identified the amulet "Iplixkukh" {Harm *Drain Slay+2}
110049 | Pan      | Noticed a seraph
110060 | Pan      | Killed a seraph
110195 | Pan      | Found a glowing golden altar of the Shining One.
110210 | Pan      | Got a demonic rune of Zot
110214 | Pan      | Identified the Reference Book on Aid and Ice
110224 | Pan      | Got a crude long sword
110225 | Pan      | Identified the +7 long sword "Xyniff" {slice, *Corrode
                  | Int+4 Dex+2} (You found it in Pandemonium)
110885 | Pan      | Found a glowing silver altar of Zin.
112670 | Pan      | Reached skill level 27 in Dodging
112676 | Pan      | Reached skill level 1 in Axes
113033 | Depths:1 | Escaped Pandemonium
113332 | Vaults:5 | Entered Level 5 of the Vaults
113345 | Vaults:4 | Reached skill level 5 in Axes
113486 | Vaults:5 | Reached skill level 10 in Axes
114324 | Vaults:5 | Reached skill level 15 in Axes
114920 | Vaults:5 | Got a silver rune of Zot
114923 | Vaults:5 | Got a brightly glowing war axe
114924 | Vaults:5 | Identified the cursed +0 war axe "Faisch" {elec, Dex+3}
                  | (You found it on level 5 of the Vaults)
115357 | Slime:1  | Gained mutation: Armour fits poorly on your strangely
                  | shaped body. [a shining eye]
115360 | Slime:1  | Gained mutation: You are weak. (Str -2) [a shining eye]
115362 | Slime:1  | Gained mutation: You are clumsy. (Dex -2) [a shining eye]
116654 | Slime:5  | Entered Level 5 of the Pits of Slime
116698 | Slime:5  | Found a viscous altar of Jiyva.
116709 | Slime:5  | Gained mutation: You are frail. (-10% HP) [a shining eye]
116722 | Slime:5  | Gained mutation: Your magical capacity is low. (-10% MP) [a
                  | shining eye]
116758 | Slime:5  | Noticed the Royal Jelly
116787 | Slime:5  | Killed the Royal Jelly
117041 | Slime:5  | Gained mutation: You are very frail. (-20% HP) [a shining
                  | eye]
117256 | Slime:5  | Found the macabre finger necklace {rN+}
117318 | Slime:5  | Gained mutation: You are very weak. (Str -4) [a shining
                  | eye]
117321 | Slime:5  | Gained mutation: Your body sometimes deteriorates upon
                  | taking damage. [a shining eye]
117405 | Slime:5  | Got a slimy rune of Zot
117429 | Slime:5  | Got a polished eveningstar
117430 | Slime:5  | Identified the +7 eveningstar of a Billion Continents
                  | {crush, *Noise rC+++ Dex+2} (You found it on level 5 of the
                  | Pits of Slime)
117552 | Slime:5  | Got a pair of fine gloves
117568 | Slime:5  | Identified the +0 pair of gloves of Crawling {rPois rC+
                  | Regen+ Int+3} (You found it on level 5 of the Pits of
                  | Slime)
118030 | Depths:2 | Bought a +5 ring of strength for 576 gold pieces
118037 | Depths:2 | Lost mutation: Your magical capacity is low. (-10% MP)
                  | [potion of mutation]
118037 | Depths:2 | Lost mutation: You are partially covered in slimy green
                  | scales. (AC +2) [potion of mutation]
118037 | Depths:2 | Gained mutation: You are partially covered in large bone
                  | plates. (SH +4) [potion of mutation]
118038 | Depths:2 | Lost mutation: You are partially covered in large bone
                  | plates. (SH +4) [potion of mutation]
118038 | Depths:2 | Lost mutation: Your body sometimes deteriorates upon taking
                  | damage. [potion of mutation]
118038 | Depths:2 | Lost mutation: You are very frail. (-20% HP) [potion of
                  | mutation]
118038 | Depths:2 | Lost mutation: You are frail. (-10% HP) [potion of
                  | mutation]
118038 | Depths:2 | Gained mutation: You have a pair of large horns on your
                  | head. [potion of mutation]
118156 | Hell     | Entered the Vestibule of Hell
118156 | Hell     | Noticed Geryon
118182 | Hell     | Killed Geryon
118479 | Hell     | Found a gateway to the decaying netherworld of Tartarus.
118582 | Hell     | Found a gateway to the freezing wastes of Cocytus.
118739 | Hell     | Found a gateway to the ashen valley of Gehenna.
118805 | Hell     | Found a gateway to the Iron City of Dis.
118844 | Dis:1    | Entered Level 1 of the Iron City of Dis
119524 | Dis:7    | Entered Level 7 of the Iron City of Dis
120141 | Dis:7    | HP: 13/273 [Hell Sentinel/damnation (34)]
120993 | Dis:7    | Identified the +4 staff of Dispater
120993 | Dis:7    | Noticed Dispater
121047 | Dis:7    | Killed Dispater
121089 | Dis:7    | Got an iron rune of Zot
121842 | Hell     | Upgraded the game from 0.25-a0-246-g58704a1ebd to
                  | 0.25-a0-248-g18654cfe15
122102 | Orc:2    | Bought a potion of flight for 42 gold pieces
122102 | Orc:2    | Bought a potion of might for 56 gold pieces
122102 | Orc:2    | Bought a potion of curing for 42 gold pieces
122102 | Orc:2    | Bought a potion of curing for 42 gold pieces
122102 | Orc:2    | Bought a potion of mutation for 112 gold pieces
122386 | Elf:2    | Killed Tarias's ghost
122653 | Elf:2    | Lost mutation: You are very weak. (Str -4) [potion of
                  | mutation]
122653 | Elf:2    | Lost mutation: You have a pair of large horns on your head.
                  | [potion of mutation]
122653 | Elf:2    | Lost mutation: You are resistant to hostile enchantments.
                  | (MR+) [potion of mutation]
122653 | Elf:2    | Lost mutation: You are weak. (Str -2) [potion of mutation]
122653 | Elf:2    | Gained mutation: Your muscles are strong. (Str +2) [potion
                  | of mutation]
122704 | Elf:2    | Lost mutation: Your muscles are strong. (Str +2) [potion of
                  | mutation]
122704 | Elf:2    | Lost mutation: You are occasionally teleported next to
                  | monsters. [potion of mutation]
122704 | Elf:2    | Lost mutation: Armour fits poorly on your strangely shaped
                  | body. [potion of mutation]
122954 | D:8      | Bought a ration for 65 gold pieces
122954 | D:8      | Bought a ration for 65 gold pieces
122954 | D:8      | Bought a ration for 65 gold pieces
122954 | D:8      | Bought a ration for 65 gold pieces
122954 | D:8      | Bought a ration for 65 gold pieces
122954 | D:8      | Bought a ration for 65 gold pieces
122954 | D:8      | Bought a ration for 65 gold pieces
123198 | Tar:1    | Entered Level 1 of Tartarus
124762 | Hell     | Reached skill level 27 in Axes
125116 | Tar:3    | Reached skill level 5 in Evocations
125809 | Tar:6    | Gained mutation: You are weak. (Str -2) [mutagenic glow]
126214 | Tar:7    | Entered Level 7 of Tartarus
126300 | Tar:7    | Reached skill level 10 in Evocations
128661 | Tar:7    | Noticed the Serpent of Hell
128681 | Tar:7    | Killed the Serpent of Hell
128681 | Tar:7    | Reached skill level 15 in Evocations
128746 | Tar:7    | Noticed Ereshkigal
128765 | Tar:7    | Killed Ereshkigal
129166 | Tar:7    | Got a bone rune of Zot
129799 | Geh:1    | Entered Level 1 of Gehenna
130385 | Hell     | Bought a ration for 60 gold pieces
130385 | Hell     | Bought a ration for 60 gold pieces
130385 | Hell     | Bought a ration for 60 gold pieces
130385 | Hell     | Bought a ration for 60 gold pieces
130385 | Hell     | Bought a ration for 60 gold pieces
130385 | Hell     | Bought a ration for 60 gold pieces
130385 | Hell     | Bought a ration for 60 gold pieces
130385 | Hell     | Bought a ration for 60 gold pieces
130385 | Hell     | Bought a ration for 60 gold pieces
131190 | Geh:7    | Entered Level 7 of Gehenna
131692 | Geh:7    | Got a heavily runed amber ring
131693 | Geh:7    | Identified the Handbook of Enchanting Dislocation
133318 | Geh:7    | Identified the +7 sceptre of Asmodeus
133318 | Geh:7    | Noticed Asmodeus
133346 | Geh:7    | Killed Asmodeus
133419 | Geh:7    | Got an obsidian rune of Zot
133787 | Geh:7    | Identified the cursed ring "Xuvanod" {Str+4 Int-4 Slay-2
                  | SInv} (You found it on level 7 of Gehenna)
134217 | Coc:1    | Entered Level 1 of Cocytus
136134 | Coc:7    | Entered Level 7 of Cocytus
137597 | Coc:7    | Cast into level 5 of the Abyss (the power of Zot)
137597 | Abyss:5  | Entered Level 5 of the Abyss
137618 | Abyss:5  | Found a corrupted altar of Lugonu.
137827 | Coc:7    | Escaped the Abyss
137827 | Coc:7    | Identified the +2 robe of Nostru {rF+ rN+ Regen+}
137827 | Coc:7    | Identified the cursed ring "Tafila" {rElec MP+9 EV-3 Str+3}
139064 | Coc:7    | Noticed Antaeus
139109 | Coc:7    | Killed Antaeus
139117 | Coc:7    | Got an icy rune of Zot
139855 | Tomb:1   | Entered Level 1 of the Tomb of the Ancients
140659 | Tomb:1   | Noticed an ancient lich
140690 | Tomb:1   | Killed an ancient lich
140698 | Tomb:1   | Noticed a greater mummy
140699 | Tomb:1   | Noticed a greater mummy
140701 | Tomb:1   | Noticed a greater mummy
140706 | Tomb:1   | Noticed a greater mummy
140712 | Tomb:1   | Killed a greater mummy
140721 | Tomb:1   | Noticed a greater mummy
140725 | Tomb:1   | Noticed a greater mummy
140726 | Tomb:1   | Killed a greater mummy
140727 | Tomb:1   | Killed a greater mummy
140739 | Tomb:1   | Noticed a greater mummy
140751 | Tomb:1   | Killed a greater mummy
140859 | Tomb:1   | Killed a greater mummy
140873 | Tomb:1   | Killed a greater mummy
141091 | Tomb:1   | Noticed a greater mummy
141092 | Tomb:1   | Noticed a greater mummy
141097 | Tomb:1   | Noticed a greater mummy
141104 | Tomb:1   | Noticed a greater mummy
141171 | Tomb:1   | Noticed a greater mummy
141171 | Tomb:1   | Noticed a greater mummy
141189 | Tomb:1   | Killed a greater mummy
141190 | Tomb:1   | Noticed a greater mummy
141217 | Tomb:1   | Noticed a greater mummy
141220 | Tomb:1   | HP: 17/408 [greater mummy/divine providence (12)]
141222 | Tomb:1   | Killed a greater mummy
141222 | Tomb:1   | Reached skill level 27 in Evocations
141222 | Tomb:1   | Reached skill level 1 in Stealth
141226 | Tomb:1   | HP: 30/613 [poisoned by an emperor scorpion]
141231 | Tomb:1   | HP: 20/613 [emperor scorpion[a greater mummy] (8)]
141232 | Tomb:1   | Killed a greater mummy
141236 | Tomb:1   | HP: 19/613 [poisoned by an emperor scorpion]
141242 | Tomb:1   | HP: 12/409 [poisoned by an emperor scorpion]
141247 | Tomb:1   | HP: 11/409 [poisoned by an emperor scorpion]
141253 | Tomb:1   | HP: 8/273 [poisoned by an emperor scorpion]
141312 | Tomb:1   | Killed a greater mummy
141418 | Tomb:1   | Killed a greater mummy
141616 | Tomb:1   | Killed a greater mummy
143545 | Vaults:3 | Bought a potion of lignification for 111 gold pieces
144526 | Tomb:1   | Noticed an ancient lich
144625 | Tomb:1   | Killed an ancient lich
145313 | Tomb:1   | Killed a greater mummy
145313 | Tomb:1   | Reached skill level 5 in Stealth
145339 | Tomb:1   | Killed a greater mummy
145817 | Tomb:3   | Entered Level 3 of the Tomb of the Ancients
145827 | Tomb:3   | Noticed a greater mummy
145827 | Tomb:3   | Noticed a greater mummy
145832 | Tomb:3   | Noticed Mennas
145833 | Tomb:3   | Killed a greater mummy
145842 | Tomb:3   | Noticed a greater mummy
145844 | Tomb:3   | Noticed a greater mummy
145851 | Tomb:3   | Noticed a greater mummy
145851 | Tomb:3   | Noticed a greater mummy
145857 | Tomb:3   | Noticed a greater mummy
145857 | Tomb:3   | Noticed a greater mummy
146280 | Tomb:3   | Identified the Guide on Displaced Transformation
146339 | Tomb:3   | Identified Sif Muna's Compendium of the Snowflakes and the
                  | Escort
146355 | Tomb:3   | Got an ancient shield
146356 | Tomb:3   | Identified the +5 shield of the Pink Corner {Stlth+} (You
                  | found it on level 3 of the Tomb of the Ancients)
146372 | Tomb:3   | Got a pitted broad axe
146373 | Tomb:3   | Identified the +7 broad axe "Zeal" {drain, +Inv rElec rF-
                  | MR+++} (You found it on level 3 of the Tomb of the
                  | Ancients)
146551 | Tomb:3   | Got a golden rune of Zot
146620 | Tomb:3   | Identified Aphenozu's Papyrus of the Creative Voyage
149697 | Zot:5    | Entered Level 5 of the Realm of Zot
149737 | Zot:5    | Reached skill level 10 in Stealth
149915 | Zot:5    | Noticed an ancient lich
149915 | Zot:5    | Noticed an ancient lich
149938 | Zot:5    | Noticed an orb of fire
149942 | Zot:5    | Killed an ancient lich
149957 | Zot:5    | Killed an ancient lich
149959 | Zot:5    | Gained mutation: You are very weak. (Str -4) [an orb of
                  | fire]
149975 | Zot:5    | Killed an orb of fire
150063 | Zot:5    | Noticed an orb of fire
150091 | Zot:5    | Noticed an orb of fire
150093 | Zot:5    | Killed an orb of fire
150095 | Zot:5    | Gained mutation: You are occasionally teleported next to
                  | monsters. [an orb of fire]
150106 | Zot:5    | Gained mutation: You tend to lose your temper in combat.
                  | [an orb of fire]
150109 | Zot:5    | Killed an orb of fire
150209 | Zot:5    | Noticed an ancient lich
150235 | Zot:5    | Killed an ancient lich
151198 | Orc:2    | Lost mutation: You tend to lose your temper in combat.
                  | [potion of mutation]
151198 | Orc:2    | Lost mutation: You are occasionally teleported next to
                  | monsters. [potion of mutation]
151198 | Orc:2    | Lost mutation: You are very weak. (Str -4) [potion of
                  | mutation]
151917 | Zot:5    | Lost mutation: You are clumsy. (Dex -2) [the power of Zot]
151940 | Zot:5    | Reached skill level 15 in Stealth
151976 | Zot:5    | Noticed an orb of fire
152018 | Zot:5    | Killed an orb of fire
152067 | Zot:5    | Noticed an orb of fire
152082 | Zot:5    | Killed an orb of fire
152262 | Zot:5    | Got the Orb of Zot
152789 | D:6      | Noticed Zaczoshre the pandemonium lord
152789 | D:6      | Noticed an ancient lich
152871 | D:1      | Noticed Gate the pandemonium lord
152910 | D:$      | Escaped with the Orb!

Levels and vault maps discovered:
D:1:      evilmike_arrival_plus, layout_basic, wad_floor_pattern_2,
          minmay_misc_feat_chi, minivault_14
D:2:      layout_loops_ring
D:3:      layout_basic, uniq_sigmund
D:4:      layout_basic, grunt_temple_overflow_champion_of_chaos,
          lemuel_crystal_altar, temple_fountains, first_ration
D:5:      layout_loops_ring, nemelex_xobeh_ov_fountains_minmay
D:6:      layout_rooms, old_standard_altar, uniq_blork_the_orc
D:7:      layout_loops_ring, lemuel_zombie_altar_kikubaaqudgha,
          grunt_gozag_statues, grunt_ministairs_6
D:8:      layout_loops_ring, serial_shops, shop_scrolls, shop_fountains, shop,
          kennysheep_mini_moat, kennysheep_mini, hangedman_pestilent_swarm
D:9:      hangedman_screamer, layout_long_grid, lemuel_doored_altar,
          minmay_orc_entry_guard_dogs, basic_altar, serial_shops,
          nicolae_shop_trees, shop, grunt_qazlal_sundering, uniq_pikel,
          uniq_psyche
D:10:     layout_irregular_city, dpeg_lair_monsters, grunt_decor_cap,
          serial_bayou_pond_e
D:11:     layout_cave_pools, portal_ice_cave_entry_ice_beasts
D:12:     minmay_box_of_curves, layout_basic, fungi_pond_lemuel, uniq_jorgrun
D:13:     layout_loops_ring, erik_vaults_1
D:14:     layout_irregular_city, corexii_hall_statues_t, minmay_misc_feat_x,
          minmay_evil_grid
D:15:     grunt_enter_depths_hoard, layout_irregular_city, basic_altar,
          small_statue_intersection
Temple:   jpeg_temple_clearing
Lair:1:   wander_river, layout_cave_pods
Lair:2:   layout_long_grid, skrybe_swamp_entry_bodies
Lair:3:   gammafunk_mikee_crab_dinner, layout_long_grid,
          nicolae_volcano_entry_lava_flow
Lair:4:   layout_regular_city, nicolae_spider_entry_orb_guardian,
          lookout_lair_type
Lair:5:   layout_regular_city, minmay_lair_oklob_chamber, serial_bayou_shore_b,
          uniq_urug
Lair:6:   guppyfry_lair_end_dragon, layout_regular_city, slime_dummy,
          gammafunk_lair_bear_cave, grunt_megastairs_3, serial_bayou_shore_a
Swamp:1:  layout_falls_marsh, hangedman_swamp_blocks
Swamp:2:  cheibrodos_swamp_monstrosity, layout_falls_marsh,
          evilmike_swamp_ruin_house_2, swamp_pool1
Swamp:3:  layout_falls_marsh, lemuel_altar_in_water
Swamp:4:  swamp_fiery, layout_basic_swamp, gammafunk_ghost_necromancy,
          nicolae_swamp_little_tower, uniq_kirke, uniq_mara
Spider:1: layout_spider_delve, uniq_frances
Spider:2: layout_spider_delve, drop_trap
Spider:3: layout_spider_delve, uniq_arachne
Spider:4: johnstein_spider_rune_arachne_lair, drop_trap
Slime:1:  layout_caves
Slime:2:  layout_caves
Slime:3:  layout_caves
Slime:4:  layout_caves
Slime:5
Orc:1:    layout_caves
Orc:2:    st_orc_elflike, layout_diamond_mine
Elf:1:    eino_elf_arrival_altar, layout_onion_city, minmay_elf_crystal_hexagon,
          door_vault
Elf:2:    layout_gridlike, ploomutoo_gammafunk_ghost_potion_laboratory,
          serial_shops, nicolae_shop_statue_plus,
          hangedman_research_convocations
Elf:3:    minmay_elf_hall_furrowed, layout_loops_ring, serial_shops, shop,
          einodemon_barbed_minivault
Vaults:1: v_rooms_3, vaults_dpeg_ring, nicolae_vaults_network_periphery,
          v_misc_8, nicolae_vaults_puzzle_piece, grunt_vaults_funnel,
          hangedman_vaults_cutoff, nicolae_vaults_big_ls, vaults_room_pool,
          ontoclasm_vaults_decontamination, layout_vaults_omnigrid,
          uniq_saint_roka
Vaults:2: v_rooms_4, grunt_vaults_swirl, vaults_standard_mumra_lines, st_star,
          grunt_vaults_bifocal, v_misc_17, nicolae_vaults_alarming,
          vaults_room_hallway, vaults_room_semicircle, vaults_dpeg_diagonal,
          layout_vaults_big_room, uniq_aizul
Vaults:3: nicolae_vaults_network_quinsquares
          [nicolae_vaults_network_quincunx_subvault,
          nicolae_vaults_network_quincunx_subvault,
          nicolae_vaults_network_quincunx_subvault,
          nicolae_vaults_network_quincunx_subvault], st_eye,
          ontoclasm_vaults_claustrophobia, nicolae_vaults_triangles, v_misc_30,
          v_misc_13, minmay_crypt_entry_necro_gods,
          nicolae_vaults_windows_and_doors_thing, hangedman_vaults_corner,
          layout_vaults_maze, serial_shops, nicolae_shop_stone,
          mu_enter_wizlab_2
Vaults:4: nicolae_vaults_border_crossing, nicolae_vaults_network_s,
          vaults_standard_mumra_enter_the_diamond, vaults_mumra_lcd, v_misc_8,
          hangedman_vaults_stagger, vaults_room_ringed_pool, v_alt_pattern_2,
          vaults_room_door_ring, vaults_dpeg_encased_lava,
          grunt_vaults_hallway_long, layout_vaults_ring, basic_altar,
          serial_shops, nicolae_shop_behind_doors, uniq_xtahua
Vaults:5: serial_shops
Crypt:1:  layout_basic
Crypt:2:  layout_basic, weyrava_lich_vault, uniq_donald, uniq_jory
Crypt:3:  quadcrypt_mu
Tomb:1
Tomb:2
Tomb:3:   uniq_mennas
Depths:1: layout_roguey, enter_ziggurat_b, grunt_mini_vestibule, minmay_holes,
          nicolae_trove_entry_path_of_doom, grunt_pan_entry_sceptre,
          abyss_entry, kennysheep_generic_room_8
Depths:2: minmay_the_grid_4x2 [minmay_the_grid_small_cups,
          minmay_the_grid_empty, minmay_the_grid_outer_diamond,
          minmay_the_grid_outer_circle, minmay_the_grid_dragon_a,
          minmay_the_grid_spikes, minmay_the_grid_gridbox,
          minmay_the_grid_prize_inner_circle], layout_basic,
          hangedman_coc_ice_floe, minmay_shop_grove,
          infiniplex_staircase_spiral_double
Depths:3: hangedman_hanging_gardens, layout_basic, grunt_pan_entry_spiral,
          hell_entry, serial_curves, eino_curves_02, eino_curves_02,
          chequers_serial_rivers_micro_d
Depths:4: minmay_glassy_protrusions, layout_gridville, abyss_entry_flame_altar,
          hell_entry, chequers_serial_rivers_large_a,
          infiniplex_staircase_hallway_doors
Depths:5: grunt_zot_entry_hairpin, layout_cross, serial_shops, bzr_entry_gold,
          hell_entry, onia_ninara_cookie
Hell
Dis:1:    layout_chaotic_city
Dis:2:    layout_overlapping_boxes
Dis:3:    layout_regular_city
Dis:4:    layout_regular_city, grunt_megastairs_4
Dis:5:    layout_overlapping_boxes, hangedman_dis_decor_tower
Dis:6:    layout_chaotic_city, nicolae_dis_iron_filings, lemuel_elevator,
          grunt_megastairs_2
Dis:7:    iron_city_of_dis [dis_old, dis_wall_3], layout_chaotic_city
Geh:1:    layout_gehenna_pools_triple, nicolae_geh_single_fiery_grave
Geh:2:    layout_gehenna_lava_caves
Geh:3:    layout_gehenna_pools_triple, nicolae_geh_fiery_graves
          [nicolae_geh_single_fiery_grave, nicolae_geh_single_fiery_grave,
          nicolae_geh_single_fiery_grave, nicolae_geh_single_fiery_grave,
          nicolae_geh_single_fiery_grave, nicolae_geh_single_fiery_grave,
          nicolae_geh_single_fiery_grave, nicolae_geh_single_fiery_grave,
          nicolae_geh_single_fiery_grave]
Geh:4:    layout_gehenna_lava_caves
Geh:5:    layout_gehenna_pools_basic
Geh:6:    layout_gehenna_pools_triple
Geh:7:    evilmike_geh
Coc:1:    layout_ice_bergs
Coc:2:    layout_ice_bergs, serial_ice, serial_ice_m, serial_ice_e,
          serial_ice_b, serial_ice_h
Coc:3:    layout_ice_bergs
Coc:4:    layout_cocytus_water_paths
Coc:5:    layout_cocytus_water_paths
Coc:6:    layout_ice_bergs
Coc:7:    coc_old
Tar:1:    layout_honeycomb
Tar:2:    layout_cathedral_of_symmetry
Tar:3:    layout_grid_maze, nicolae_tar_cuneiform_to_be, grunt_megastairs_1
Tar:4:    layout_honeycomb
Tar:5:    layout_grid_maze
Tar:6:    layout_cathedral_of_symmetry
Tar:7:    tar_minmay_river
Zot:1:    lemuel_halls_of_wrath, layout_misc_corridors,
          ebering_ghost_disaster_area, grunt_ministairs_14
Zot:2:    layout_basic, st_single_dragon_hoard_1
Zot:3:    evilmike_crystal_ball_defense, layout_misc_corridors,
          lemuel_baited_zot_trap
Zot:4:    layout_gridlike, uniq_tiamat
Zot:5:    layout_twisted_circle

Skill      XL: |  1  2  3  4  5  6  7  8  9 10 11 12 13 14 15 16 17 18 19 20 21 22 23 24 25 26 27 |
---------------+----------------------------------------------------------------------------------+-----
Fighting       | 4 5 7 9 10 14 17 19 22 24 27 | 27.0
Shields        | 4 8 11 14 15 18 21 24 27 | 27.0
Armour         | 4 9 12 15 18 20 21 22 23 24 25 26 27 | 27.0
Maces & Flails | 5 10 13 16 17 18 23 27 | 27.0
Evocations     | 2 27 | 27.0
Dodging        | 4 27 | 27.0
Axes           | 27 | 27.0
Stealth        | 16 | 16.3

Action                   |  1- 3 |  4- 6 |  7- 9 | 10-12 | 13-15 | 16-18 | 19-21 | 22-24 | 25-27 || total
-------------------------+-------+-------+-------+-------+-------+-------+-------+-------+-------++-------
Melee: Flail             |    99 |   177 |   377 |       |       |       |       |       |    13 ||   666
       Headbutt          |    16 |    24 |    58 |   158 |   385 |   642 |   615 |   906 |  3038 ||  5842
       Morningstar       |       |       |    35 |   784 |  1703 |  2496 |  1096 |   553 |  2612 ||  9279
       Demon whip        |       |       |       |       |       |       |   944 |  2246 |  1341 ||  4531
       Eveningstar       |       |       |       |       |       |       |       |       |  1068 ||  1068
       Broad axe         |       |       |       |       |       |       |       |       |  4233 ||  4233
Invok: Potion Petition   |       |       |       |     1 |     2 |     3 |     4 |     9 |    36 ||    55
       Call Merchant     |       |       |       |       |       |       |       |       |     7 ||     7
       Bribe Branch      |       |       |       |       |       |       |       |       |     5 ||     5
 Abil: Evoke Invisibilit |       |       |       |       |       |       |       |       |     1 ||     1
Evoke: Wand              |       |       |       |     1 |       |    16 |       |       |     6 ||    23
  Use: Scroll            |     2 |       |     4 |     8 |    12 |    23 |    10 |     6 |    49 ||   114
       Potion            |       |     1 |     1 |     1 |     2 |     5 |     3 |     7 |    50 ||    70
 Stab: Distracted        |       |       |     1 |     2 |     3 |    14 |    10 |    17 |    67 ||   114
       Confused          |       |       |       |       |       |     1 |     4 |     3 |     4 ||    12
       Held in net/web   |       |       |       |       |       |     1 |       |       |       ||     1
       Invisible         |       |       |       |       |       |       |     1 |       |     7 ||     8
       Paralysed         |       |       |       |       |       |       |     6 |     1 |    13 ||    20
       Petrifying        |       |       |       |       |       |       |     2 |     1 |       ||     3
  Eat: Chunk             |     1 |     7 |     5 |       |       |       |       |       |       ||    13
       Ration            |       |       |     3 |     8 |    16 |    20 |    16 |    14 |    67 ||   144
Armor: Scale mail        |    46 |    50 |       |       |       |       |       |       |       ||    96
       Chain mail        |       |    82 |    61 |       |       |       |       |       |       ||   143
       Plate armour      |       |       |   117 |   261 |   693 |   880 |   117 |  1051 |  2529 ||  5648
       Ring mail         |       |       |       |       |       |   219 |   397 |       |    46 ||   662
       Skin              |       |       |       |       |       |       |       |       |    91 ||    91
Dodge: Dodged            |    19 |    55 |   111 |   152 |   521 |   884 |   704 |   743 |  4021 ||  7210
Block: Shield            |    46 |   124 |   200 |   289 |  1085 |  1704 |  1203 |  1977 |  7557 || 14185
       Reflection        |       |       |       |       |       |       |       |       |   131 ||   131

Table legend:
 A = Non-vault XP
 B = Vault XP
 C = Vault XP percentage of total XP
 D = Non-vault monster count
 E = Vault monster count
 F = Vault count percentage of total count
                 A         B        C        D         E       F
            +---------+---------+-------+---------+---------+-------
      Total | 2277017 | 1631088 |  41.7 |    3565 |    1493 |  29.5
            +---------+---------+-------+---------+---------+-------
        D:1 |      33 |       0 |   0.0 |      17 |       0 |   0.0
        D:2 |      69 |       0 |   0.0 |      20 |       0 |   0.0
        D:3 |     168 |     231 |  57.9 |      34 |       1 |   2.9
        D:4 |     305 |      48 |  13.6 |      17 |       1 |   5.6
        D:5 |     398 |       0 |   0.0 |      18 |       0 |   0.0
        D:6 |    1004 |      96 |   8.7 |      27 |       1 |   3.6
        D:7 |    1203 |     170 |  12.4 |      32 |       5 |  13.5
        D:8 |    1658 |     655 |  28.3 |      20 |       4 |  16.7
        D:9 |    1651 |    7660 |  82.3 |      28 |      40 |  58.8
       D:10 |    2770 |    3525 |  56.0 |      30 |       4 |  11.8
       D:11 |    2719 |    1026 |  27.4 |      29 |       8 |  21.6
       D:12 |    5114 |   15973 |  75.7 |      37 |      14 |  27.5
       D:13 |    3634 |    1808 |  33.2 |      22 |       2 |   8.3
       D:14 |    8703 |    5650 |  39.4 |      31 |       9 |  22.5
       D:15 |   14212 |    4881 |  25.6 |      45 |       3 |   6.2
     Lair:1 |     875 |       0 |   0.0 |       4 |       0 |   0.0
     Lair:2 |    3144 |     514 |  14.1 |      12 |       2 |  14.3
     Lair:3 |    5893 |   12431 |  67.8 |      25 |      13 |  34.2
     Lair:4 |    4471 |     535 |  10.7 |      18 |       1 |   5.3
     Lair:5 |    8527 |    8884 |  51.0 |      29 |      16 |  35.6
     Lair:6 |    8967 |    5270 |  37.0 |      31 |      20 |  39.2
    Swamp:1 |   15474 |       0 |   0.0 |      46 |       0 |   0.0
    Swamp:2 |   16494 |    2674 |  14.0 |      38 |       1 |   2.6
    Swamp:3 |   23786 |       0 |   0.0 |      53 |       0 |   0.0
    Swamp:4 |   10244 |   15001 |  59.4 |      33 |      36 |  52.2
   Spider:1 |   17598 |    2165 |  11.0 |      47 |       1 |   2.1
   Spider:2 |   13356 |    3790 |  22.1 |      30 |       1 |   3.2
   Spider:3 |   15307 |    1642 |   9.7 |      39 |       1 |   2.5
   Spider:4 |   11049 |   25124 |  69.5 |      31 |      47 |  60.3
    Slime:1 |   13306 |       0 |   0.0 |      21 |       0 |   0.0
    Slime:2 |    3974 |       0 |   0.0 |      13 |       0 |   0.0
    Slime:3 |   13168 |       0 |   0.0 |      25 |       0 |   0.0
    Slime:4 |    8249 |       0 |   0.0 |      18 |       0 |   0.0
    Slime:5 |   16595 |   29034 |  63.6 |      30 |      10 |  25.0
      Orc:1 |     690 |       0 |   0.0 |      16 |       0 |   0.0
      Orc:2 |    1528 |    8582 |  84.9 |      18 |      25 |  58.1
      Elf:1 |   21203 |   23261 |  52.3 |      37 |      28 |  43.1
      Elf:2 |   18376 |   25395 |  58.0 |      31 |      28 |  47.5
      Elf:3 |   17664 |   46372 |  72.4 |      30 |      38 |  55.9
   Vaults:1 |   39325 |   32400 |  45.2 |      68 |      56 |  45.2
   Vaults:2 |   12361 |   21163 |  63.1 |      22 |      28 |  56.0
   Vaults:3 |   29339 |   32941 |  52.9 |      50 |      40 |  44.4
   Vaults:4 |   47829 |   44314 |  48.1 |      80 |      41 |  33.9
   Vaults:5 |   14449 |  108830 |  88.3 |      24 |      70 |  74.5
    Crypt:1 |   24973 |       0 |   0.0 |      40 |       0 |   0.0
    Crypt:2 |   13950 |    6134 |  30.5 |      27 |       2 |   6.9
    Crypt:3 |    1321 |   77647 |  98.3 |       1 |      82 |  98.8
     Tomb:1 |    8667 |   87537 |  91.0 |      30 |      44 |  59.5
     Tomb:2 |     617 |     168 |  21.4 |       1 |       2 |  66.7
     Tomb:3 |    1363 |   17882 |  92.9 |       9 |      49 |  84.5
   Depths:1 |   42313 |    7467 |  15.0 |      45 |      24 |  34.8
   Depths:2 |   38266 |   22206 |  36.7 |      44 |      22 |  33.3
   Depths:3 |   55839 |   25413 |  31.3 |      73 |      37 |  33.6
   Depths:4 |   37783 |    9791 |  20.6 |      55 |       5 |   8.3
   Depths:5 |   61128 |   38063 |  38.4 |      46 |      33 |  41.8
       Hell |   33184 |   22785 |  40.7 |      31 |      37 |  54.4
      Dis:1 |   37361 |       0 |   0.0 |      84 |       0 |   0.0
      Dis:2 |    2445 |       0 |   0.0 |       1 |       0 |   0.0
      Dis:3 |   13906 |       0 |   0.0 |      37 |       0 |   0.0
      Dis:4 |   16967 |    4545 |  21.1 |      14 |       7 |  33.3
      Dis:5 |      18 |       0 |   0.0 |       1 |       0 |   0.0
      Dis:6 |       0 |    1073 | 100.0 |       0 |       1 | 100.0
      Dis:7 |   76805 |   77534 |  50.2 |     101 |      40 |  28.4
      Geh:1 |   20093 |       0 |   0.0 |      40 |       0 |   0.0
      Geh:2 |   17495 |       0 |   0.0 |      47 |       0 |   0.0
      Geh:3 |   30162 |       0 |   0.0 |      53 |       0 |   0.0
      Geh:5 |    5787 |       0 |   0.0 |      22 |       0 |   0.0
      Geh:7 |   65287 |   78851 |  54.7 |      91 |      48 |  34.5
      Coc:1 |   22485 |       0 |   0.0 |      45 |       0 |   0.0
      Coc:2 |   22757 |       0 |   0.0 |      27 |       0 |   0.0
      Coc:3 |   27656 |       0 |   0.0 |      38 |       0 |   0.0
      Coc:4 |   38363 |       0 |   0.0 |      50 |       0 |   0.0
      Coc:5 |    3935 |       0 |   0.0 |      14 |       0 |   0.0
      Coc:6 |    9461 |       0 |   0.0 |      26 |       0 |   0.0
      Coc:7 |  158847 |   60655 |  27.6 |     153 |      45 |  22.7
      Tar:1 |      11 |       0 |   0.0 |       1 |       0 |   0.0
      Tar:2 |   18602 |       0 |   0.0 |      21 |       0 |   0.0
      Tar:3 |   40128 |       0 |   0.0 |      65 |       0 |   0.0
      Tar:4 |   11090 |       0 |   0.0 |       8 |       0 |   0.0
      Tar:5 |   13289 |       0 |   0.0 |      28 |       0 |   0.0
      Tar:6 |   21122 |       0 |   0.0 |      21 |       0 |   0.0
      Tar:7 |  143269 |   74582 |  34.2 |     153 |      41 |  21.1
      Zot:1 |   69965 |   46085 |  39.7 |      41 |      49 |  54.4
      Zot:2 |   75614 |    4369 |   5.5 |      44 |       1 |   2.2
      Zot:3 |   64378 |    6004 |   8.5 |      38 |       8 |  17.4
      Zot:4 |   44370 |   26353 |  37.3 |      24 |      13 |  35.1
      Zot:5 |   30619 |  152400 |  83.3 |      20 |      35 |  63.6
    Abyss:1 |    3654 |       0 |   0.0 |       5 |       0 |   0.0
    Abyss:2 |   36424 |       0 |   0.0 |      77 |       0 |   0.0
    Abyss:3 |   63988 |   11287 |  15.0 |     126 |       9 |   6.7
    Abyss:5 |   17593 |       0 |   0.0 |      25 |       0 |   0.0
        Pan |  276785 |  248329 |  47.3 |     296 |     164 |  35.7
      IceCv |       0 |    6473 | 100.0 |       0 |      54 | 100.0
    Volcano |       0 |    3148 | 100.0 |       0 |       7 | 100.0
     WizLab |       0 |   22262 | 100.0 |       0 |      39 | 100.0
            +---------+---------+-------+---------+---------+-------
